 Dungeon Crawl Stone Soup version 0.29.0-4-gdea44cf6ec (webtiles) character file.

Game seed: 17229839299391659123

202629 qw the Wrestler (level 18, 0/166 HPs)
             Began as a Ghoul Enchanter on Sept 5, 2022.
             Was a High Priest of Okawaru.
             Slain by a naga warrior
             ... wielding a +2 flail of holy wrath
              (3 damage)
             ... on level 4 of the Snake Pit.
             The game lasted 00:15:57 (39727 turns).

qw the Wrestler (Ghoul Enchanter)                  Turns: 39727, Time: 00:15:58

Health: 0/166      AC: 31    Str: 24    XL:     18   Next: 58%
Magic:  24/24      EV:  6    Int: 10    God:    Okawaru [*****.]
Gold:   351        SH: 18    Dex:  9    Spells: 20/20 levels left

rFire   . . .      SeeInvis .     - Unarmed
rCold   + + .      Faith    .   C - +0 kite shield
rNeg    + + +      Spirit   .   y - +0 plate armour {rC+}
rPois   inf        Reflect  +   n - +2 helmet
rElec   +          Harm     .   j - +1 cloak
rCorr   +          Rampage  .   (no gloves)
Will    +....                   b - +2 pair of boots
Stlth   ..........              g - amulet "Izxe" {Reflect +Inv rElec rPois Str+4 SH+5}
HPRegen 0.00/turn               o - ring "Usinn" {rN+ rCorr Slay+3}
MPRegen 0.19/turn               h - +4 ring of protection

@: heroic, inhibited regen, slowed, constricted, very slow
A: claws 1, cold resistance 1, negative energy resistance 3, inhibited
regeneration, torment resistance 2, devour on kill
}: 1/15 runes: serpentine
a: Renounce Religion, Evoke Invisibility, Heroism, Finesse, Duel


You were on level 4 of the Snake Pit.
You worshipped Okawaru.
Okawaru was extremely pleased with you.
You visited 6 branches of the dungeon, and saw 30 of its levels.

You collected 4381 gold pieces.
You spent 4030 gold pieces at shops.


Innate Abilities, Weirdness & Mutations

You are immune to poison.
You have sharp fingernails.
Your flesh is cold resistant. (rC+)
You are immune to negative energy. (rN+++)
You do not regenerate when monsters are visible.
You are immune to unholy pain and torment.
You thrive by killing the living.


   Skills:
 + Level 15.8(20.8) Fighting
 - Level 0.8(5.8) Short Blades
 - Level 9.0(14.0) Throwing
 - Level 11.0(16.0) Armour
 - Level 4.0(9.0) Dodging
 - Level 3.2(8.2) Stealth
 - Level 12.0(17.0) Shields
 - Level 22.0(27) Unarmed Combat
 - Level 1.7 Spellcasting
 - Level 2.4 Hexes
 - Level 10.0 Invocations


You had 20 spell levels left.
You didn't know any spells.
Your spell library contained the following spells:

 Spells                   Type           Power      Damage    Failure   Level
 Ensorcelled Hibernation  Hex/Ice        6%         N/A       98%         2
 Confusing Touch          Hex            5%         N/A       99%         3
 Dazzling Flash           Conj/Hex       6%         N/A       100%        3
 Tukima's Dance           Hex            Unusable   N/A       N/A         3

Inventory:

Missiles
 a - 4 silver javelins (quivered)
 v - 7 silver boomerangs
 w - 27 boomerangs
 x - 4 javelins
Armour
 b - a +2 pair of boots (worn)
 j - a +1 cloak (worn)
 k - a +6 plate armour of ponderousness
 n - a +2 helmet (worn)
 t - a +0 tower shield
 y - a +0 plate armour of cold resistance (worn)
 A - a +1 plate armour of positive energy
 C - a +0 kite shield (worn)
Jewellery
 g - the amulet "Izxe" (around neck) {Reflect +Inv rElec rPois Str+4 SH+5}
   (You found it on level 4 of the Dungeon)

   [amulet of reflection]

   It reflects blocked missile attacks.
   Str:       It affects your strength (+4).
   rElec:     It insulates you from electricity.
   rPois:     It protects you from poison.
   +Inv:      It lets you turn invisible.
   SH:        It affects your SH (+5).
 h - a +4 ring of protection (right claw)
 o - the ring "Usinn" (left claw) {rN+ rCorr Slay+3}
   (You found it on level 3 of the Shoals)

   [ring of resist corrosion]

   Slay:      It affects your accuracy & damage with ranged weapons and melee
   (+3).
   rN:        It protects you from negative energy.
   rCorr:     It protects you from acid and corrosion.
 p - a ring of protection from fire
 r - a ring of protection from fire
 s - a ring of see invisible
 Y - a +6 ring of strength
Scrolls
 c - 30 scrolls of identify
 m - 11 scrolls of enchant weapon
Potions
 d - 16 potions of curing
 e - 4 potions of haste
 f - a potion of mutation
 i - a potion of resistance
 l - 5 potions of might
 q - 4 potions of cancellation
 z - 2 potions of magic

Dungeon Overview and Level Annotations

Branches:
Dungeon (15/15)            Temple (1/1) D:7            Lair (5/5) D:9
 Shoals (3/4) Lair:2        Snake (4/4) Lair:2        Slime (0/5) Lair:4
    Orc (2/2) D:9             Elf (0/3) Orc:2        Vaults (0/5) D:14
 Depths (0/4) D:15

Altars:
Ashenzari
Cheibriados
Dithmenos
Fedhas
Gozag
Hepliaklqana
Kikubaaqudgha
Makhleb
Nemelex Xobeh
Okawaru
Qazlal
Ru
Sif Muna
Trog
Uskayaw
Vehumet
Wu Jian
Xom
Yredelemnul

Shops:
D:10 !   D:12 (   D:13 [   D:14 [=   D:15 *   Orc:1 :   Orc:2 (=?*   Shoals:1 (
Shoals:2 (   Shoals:3 =   Snake:1 (   Snake:2 !**([

Portals:
Abyss: D:9
Pandemonium: Orc:2

Annotations:
D:3 3 runed translucent doors, qw's ghost, amateur GrBe
D:9 2 transporters, qw's ghost, novice TrCA
D:15 2 transporters, Jiecrehi's ghost, journeyman DDFi
Shoals:2 2 transporters


Message History

The naga warrior completely misses you. The naga warrior barely misses you.
You miss the guardian serpent.
The guardian serpent is almost dead.
The guardian serpent barely misses you.
The guardian serpent hits you but does no damage.
You miss the guardian serpent.
The guardian serpent is almost dead.
A guardian serpent comes into view.
The naga warrior hits you but does no damage.
You block the naga warrior's attack.
The guardian serpent casts a spell at you.
The bolt of poison misses you.
You barely miss the guardian serpent.
The guardian serpent is almost dead.
The guardian serpent shouts!
The guardian serpent casts a spell at you.
The guardian serpent blinks!
You block the naga warrior's attack. The naga warrior grabs you.
The naga warrior constricts you.
A nagaraja comes into view. It is wielding a +0 whip.
You scratch the naga warrior.
The naga warrior is lightly wounded.
The guardian serpent hits you but does no damage.
The naga warrior spits poison at you.
The splash of poison hits you but does no damage.
You resist. The naga warrior constricts you.
You block the guardian serpent's attack.
You claw the naga warrior!
The naga warrior is moderately wounded.
You block the guardian serpent's attack. x2
The nagaraja casts a spell.
The nagaraja seems to speed up.
You block the naga warrior's attack. The naga warrior constricts you.
The guardian serpent hits you!
You claw the naga warrior!
The naga warrior is moderately wounded.
You block the guardian serpent's attack.
The guardian serpent casts a spell at you.
A nagaraja comes into view. It is wielding a +0 halberd.
The naga warrior hits you with a +2 flail of holy wrath!
You convulse.
You die...

.......).............).......#...
#####)....###########..).....#...
..##.....## #......%.)).......
(##.....########.......)#........
.#.....###.....###.....##........
##....## N.......##...###........
#....## .......##.#.##........
#...## #.)NS.###.......#... ...##
#@).###........... ...#
#SN.##.....(...... ...#
##...#..........#. ...#
#...#.........#.. ...#
#...#.........#.. ...#
#...#..........## #..##
#^..#........### #..)#
##...#......### #.))##
##...##......#


You could see 2 nagarajas, a naga warrior (catching breath) and 2 guardian
serpents.

Vanquished Creatures
  A titan (Shoals:3)
  Polyphemus (Shoals:3)
  14 nagarajas
  2 krakens
  Aizul (Snake:1)
  2 stone giants (Shoals:3)
  Azrael (D:14)
  A merfolk javelineer (Shoals:3)
  4 merfolk impalers
  6 hydras
  3 merfolk avatars
  3 boulder beetles
  2 alligator snapping turtles
  8 centaur warriors
  11 anacondas
  3 demonspawn (Orc:2)
  2 catoblepae
  19 naga warriors
  Erica (D:8)
  A satyr (Shoals:3)
  4 two-headed ogres
  10 death yaks
  A tengu warrior (D:14)
  A vampire mage (D:15)
  7 orc high priests (Orc:2)
  6 shock serpents
  7 naga sharpshooters
  3 skeletal warriors (D:14)
  5 salamander mystics
  7 sea snakes
  5 naga ritualists
  Lodul (D:13)
  A wizard (D:15)
  Pikel (D:6)
  2 necromancers
  A deep elf zephyrmancer (D:14)
  10 harpies (Shoals:2)
  5 orc knights
  3 deep elf pyromancers
  A wolf spider (Lair:5)
  4 ugly things
  4 fauns
  13 salamanders
  7 mana vipers
  5 manticores
  3 cyclopes
  2 slime creatures (D:14)
  9 orc sorcerers
  A centaur zombie (D:15)
  A rust devil (Orc:2)
  22 elephants
  4 water nymphs
  9 guardian serpents
  Joseph (D:8)
  Maggie (D:10)
  41 black mambas
  17 naga magi
  3 centaur skeletons (D:15)
  14 cane toads
  2 kobold demonologists (D:12)
  2 rime drakes
  An efreet (D:14)
  11 komodo dragons
  2 tengu conjurers
  3 unseen horrors
  An ice devil (Orc:2)
  2 trolls
  20 merfolk
  3 polar bears
  Prince Ribbit (D:8)
  6 wind drakes
  7 dream sheep
  16 blink frogs
  4 hornets
  3 snapping turtles
  4 water elementals
  A vampire (D:13)
  3 shadows
  18 yaks
  9 wyverns
  A fire elemental (D:14)
  Eustachio (D:6)
  4 basilisks
  Grum (D:10)
  17 vampire mosquitoes
  2 steam dragons
  Menkaure (D:6)
  Edmund (D:6)
  A warg (Orc:1)
  43 nagas
  2 acid dragons
  32 water moccasins
  3 hell hounds (D:14)
  A sky beast (D:7)
  4 black bears
  32 orc warriors
  2 ice beasts (D:5)
  27 wolves
  24 centaurs
  11 ogres
  2 lemures (D:6)
  4 phantoms
  13 bullfrogs
  A kobold brigand (D:10)
  Blork the orc (D:4)
  A necrophage (D:6)
  2 scorpions (D:6)
  4 wights (D:9)
  9 killer bees
  2 electric eels
  5 howler monkeys
  A hound (D:6)
  19 orc priests
  3 gnoll boudas
  Ijyb (D:4)
  26 orc wizards
  4 iguanas
  2 hell rats (D:9)
  14 gnolls
  Robin (D:4)
  A river rat (D:9)
  4 adders
  A shadow imp (D:5)
  14 white imps
  A worm (D:2)
  4 dart slugs
  70 orcs
  6 ball pythons
  6 bats
  2 endoplasms (D:4)
  5 giant cockroaches
  17 goblins
  3 hobgoblins
  4 jackals (D:1)
  9 quokkas
  3 training dummies (D:12)
  14 kobolds
  9 rats
  4 tentacles
949 creatures vanquished.

Vanquished Creatures (others)
  3 orcs (Orc:2)
  33 fungi
  76 plants
  17 tentacles
129 creatures vanquished.

Grand Total: 1078 creatures vanquished

Notes
Turn   | Place    | Note
-------+----------+-------------------------------------------
     0 | D:1      | qw the Ghoul Enchanter began the quest for the Orb.
     0 | D:1      | Reached XP level 1. HP: 14/14 MP: 2/2
     0 | D:1      | 0 ||| qw: Version: 0.1-a-104-g96f76f8
     0 | D:1      | 0 ||| qw: Game counter: 5844
     0 | D:1      | 0 ||| qw: Always use a shield: true
     0 | D:1      | 0 ||| qw: God list: Okawaru
     0 | D:1      | 0 ||| qw: Allow faded altars: false
     0 | D:1      | 0 ||| qw: Do Orc after D:15 true
     0 | D:1      | 0 ||| qw: Do second Lair branch before Depths: true
     0 | D:1      | 0 ||| qw: Lair rune preference: random
     0 | D:1      | 0 ||| qw: Plans: Normal
     0 | D:1      | 0 ||| PLANNING D:1-11
     1 | D:1      | 1 ||| DROPPING +1 dagger.
   145 | D:1      | Reached skill level 1 in Unarmed Combat
   270 | D:1      | 270 ||| Stepping ~*~*~tactically~*~*~ (hiding).
   372 | D:1      | 372 ||| Stepping ~*~*~tactically~*~*~ (hiding).
   474 | D:1      | 474 ||| Stepping ~*~*~tactically~*~*~ (hiding).
   576 | D:1      | 576 ||| Stepping ~*~*~tactically~*~*~ (hiding).
   678 | D:1      | 678 ||| Stepping ~*~*~tactically~*~*~ (hiding).
   690 | D:1      | Reached skill level 1 in Fighting
   690 | D:1      | Reached XP level 2. HP: 23/23 MP: 3/3
   888 | D:1      | Found a faded altar of an unknown god.
   923 | D:1      | 923 ||| Stepping ~*~*~tactically~*~*~ (hiding).
  1025 | D:1      | 1025 ||| Stepping ~*~*~tactically~*~*~ (hiding).
  1127 | D:1      | 1127 ||| Stepping ~*~*~tactically~*~*~ (hiding).
  1229 | D:1      | 1229 ||| Stepping ~*~*~tactically~*~*~ (hiding).
  1503 | D:1      | Reached skill level 2 in Unarmed Combat
  1503 | D:1      | 1503 ||| Stepping ~*~*~tactically~*~*~ (stealth).
  1505 | D:1      | 1505 ||| Stepping ~*~*~tactically~*~*~ (stealth).
  1512 | D:1      | 1512 ||| Stepping ~*~*~tactically~*~*~ (stealth).
  1529 | D:1      | Reached XP level 3. HP: 15/28 MP: 4/4
  1864 | D:1      | 1864 ||| UPGRADING to +0 ring mail.
  1874 | D:1      | 1874 ||| DROPPING +0 robe.
  1875 | D:1      | 1875 ||| UPGRADING to +0 helmet.
  1880 | D:1      | 1880 ||| READING scroll labelled PALLUI WINOST.
  1881 | D:1      | 1881 ||| READING scroll labelled PEOTZO JIXAM.
  1882 | D:1      | 1882 ||| READING scroll labelled QISTRI EFONGIAL.
  1883 | D:1      | 1883 ||| READING scroll labelled PIRROMIYMI.
  1884 | D:1      | 1884 ||| READING scroll labelled BIN QOGASKYI.
  1889 | D:1      | 1889 ||| READING scroll labelled LAULAIC TOSTY.
  1890 | D:1      | 1890 ||| DRINKING 2 bubbling ruby potions.
  1891 | D:1      | 1891 ||| DROPPING 2 potions of invisibility.
  1930 | D:2      | 1930 ||| STAIRDANCE
  2229 | D:2      | 2229 ||| Stepping ~*~*~tactically~*~*~ (stealth).
  2296 | D:2      | Reached skill level 3 in Unarmed Combat
  2791 | D:2      | 2791 ||| UPGRADING to +0 pair of boots.
  2796 | D:2      | 2796 ||| READING scroll labelled LYAZUR UPUL.
  2797 | D:2      | 2797 ||| DRINKING 4 red potions.
  2798 | D:2      | 2798 ||| READING 4 scrolls of identify.
  2798 | D:2      | 2798 ||| IDENTIFYING dark potion
  2799 | D:2      | 2799 ||| READING 3 scrolls of identify.
  2799 | D:2      | 2799 ||| IDENTIFYING fizzy green potion
  2800 | D:2      | 2800 ||| READING 2 scrolls of identify.
  2800 | D:2      | 2800 ||| IDENTIFYING white potion
  2801 | D:2      | 2801 ||| DROPPING potion of ambrosia.
  2802 | D:2      | 2802 ||| DROPPING potion of flight.
  2803 | D:2      | 2803 ||| DROPPING potion of brilliance.
  2892 | D:3      | Found a runed translucent gate.
  2893 | D:3      | Found a runed translucent gate.
  2894 | D:3      | Found a runed translucent gate.
  2949 | D:3      | Reached XP level 4. HP: 35/35 MP: 5/5
  2976 | D:3      | Noticed qw's ghost (amateur GrBe)
  3204 | D:3      | 3204 ||| READING 3 scrolls labelled HEMNUKHL QOORUL.
  3205 | D:3      | 3205 ||| READING scroll labelled QUKINL BUOTHAA.
  3206 | D:3      | 3206 ||| DRINKING 2 metallic pink potions.
  3207 | D:3      | 3207 ||| READING 2 scrolls of identify.
  3207 | D:3      | 3207 ||| IDENTIFYING cyan potion
  3208 | D:3      | 3208 ||| DROPPING 2 scrolls of fear.
  3221 | D:4      | 3221 ||| PLANNING SEWER
  3320 | D:4      | Found a shimmering blue altar of Sif Muna.
  3368 | D:4      | Noticed Ijyb
  3376 | D:4      | 3376 ||| Stepping ~*~*~tactically~*~*~ (outnumbered).
  3377 | D:4      | 3377 ||| Stepping ~*~*~tactically~*~*~ (outnumbered).
  3378 | D:4      | 3378 ||| Stepping ~*~*~tactically~*~*~ (outnumbered).
  3379 | D:4      | 3379 ||| Stepping ~*~*~tactically~*~*~ (outnumbered).
  3380 | D:4      | 3380 ||| Stepping ~*~*~tactically~*~*~ (outnumbered).
  3421 | D:4      | Killed Ijyb
  3422 | D:4      | Reached skill level 4 in Unarmed Combat
  3422 | D:4      | HP: 6/35 [hobgoblin (4)]
  3423 | D:4      | 3423 ||| READING 2 scrolls of teleportation.
  3424 | D:4      | 3424 ||| DRINKING potion of heal wounds.
  3425 | D:4      | Found a basalt altar of Yredelemnul.
  3559 | D:4      | Reached XP level 5. HP: 24/41 MP: 6/6
  3722 | D:4      | Identified the amulet "Izxe" {Reflect +Inv rElec rPois
                  | Str+4 SH+5}
  3831 | D:4      | 3831 ||| RIP SEWER
  3833 | D:4      | 3833 ||| PLANNING D:1-11
  3842 | D:4      | Noticed Blork the orc
  3853 | D:4      | Killed Blork the orc
  3854 | D:4      | Reached skill level 5 in Unarmed Combat
  4121 | D:4      | Noticed Robin
  4122 | D:4      | 4122 ||| Stepping ~*~*~tactically~*~*~ (outnumbered).
  4124 | D:4      | 4124 ||| Stepping ~*~*~tactically~*~*~ (outnumbered).
  4126 | D:4      | 4126 ||| Stepping ~*~*~tactically~*~*~ (outnumbered).
  4128 | D:4      | 4128 ||| Stepping ~*~*~tactically~*~*~ (outnumbered).
  4134 | D:4      | 4134 ||| Stepping ~*~*~tactically~*~*~ (outnumbered).
  4135 | D:4      | 4135 ||| Stepping ~*~*~tactically~*~*~ (outnumbered).
  4136 | D:4      | 4136 ||| Stepping ~*~*~tactically~*~*~ (outnumbered).
  4137 | D:4      | 4137 ||| Stepping ~*~*~tactically~*~*~ (outnumbered).
  4138 | D:4      | 4138 ||| Stepping ~*~*~tactically~*~*~ (outnumbered).
  4139 | D:4      | 4139 ||| Stepping ~*~*~tactically~*~*~ (outnumbered).
  4140 | D:4      | 4140 ||| Stepping ~*~*~tactically~*~*~ (outnumbered).
  4151 | D:4      | Killed Robin
  4152 | D:4      | Reached skill level 1 in Throwing
  4399 | D:4      | Found a burning altar of Makhleb.
  4714 | D:4      | 4714 ||| UPGRADING to +3 leather armour of willpower.
  4724 | D:4      | 4724 ||| UPGRADING to amulet "Izxe" {Reflect +Inv rElec
                  | rPois Str+4 SH+5}.
  4729 | D:4      | 4729 ||| READING scroll labelled RYEC DE NAKKAY.
  4748 | D:5      | Entered Level 5 of the Dungeon
  4792 | D:5      | Noticed an ice beast
  4799 | D:5      | Killed an ice beast
  4800 | D:5      | Reached skill level 6 in Unarmed Combat
  4800 | D:5      | Reached XP level 6. HP: 44/48 MP: 7/7
  4831 | D:5      | 4831 ||| Stepping ~*~*~tactically~*~*~ (stealth).
  4832 | D:5      | 4832 ||| Stepping ~*~*~tactically~*~*~ (stealth).
  4834 | D:5      | 4834 ||| Stepping ~*~*~tactically~*~*~ (stealth).
  4988 | D:5      | Reached skill level 3 in Fighting
  5052 | D:5      | Noticed an ice beast
  5053 | D:5      | 5053 ||| Stepping ~*~*~tactically~*~*~ (stealth).
  5055 | D:5      | 5055 ||| Stepping ~*~*~tactically~*~*~ (stealth).
  5062 | D:5      | 5062 ||| Stepping ~*~*~tactically~*~*~ (outnumbered).
  5092 | D:5      | Killed an ice beast
  5093 | D:5      | Reached skill level 7 in Unarmed Combat
  5093 | D:5      | Reached XP level 7. HP: 27/57 MP: 8/8
  5618 | D:5      | 5618 ||| READING scroll labelled SYROKO LUNUTAGY.
  5719 | D:5      | 5719 ||| DRINKING 2 sedimented orange potions.
  5720 | D:5      | 5720 ||| READING 3 scrolls of identify.
  5720 | D:5      | 5720 ||| IDENTIFYING fuming green potion
  5721 | D:5      | 5721 ||| DROPPING potion of attraction.
  5841 | D:6      | 5841 ||| Stepping ~*~*~tactically~*~*~ (stealth).
  5863 | D:6      | Reached skill level 8 in Unarmed Combat
  5978 | D:6      | Noticed Menkaure
  5986 | D:6      | Killed Menkaure
  5987 | D:6      | Reached XP level 8. HP: 52/67 MP: 9/9
  6189 | D:6      | Noticed a hornet
  6204 | D:6      | Killed a hornet
  6205 | D:6      | Reached skill level 9 in Unarmed Combat
  6321 | D:6      | 6321 ||| Stepping ~*~*~tactically~*~*~ (stealth).
  6337 | D:6      | Noticed Eustachio
  6366 | D:6      | 6366 ||| Stepping ~*~*~tactically~*~*~ (outnumbered).
  6367 | D:6      | 6367 ||| Stepping ~*~*~tactically~*~*~ (outnumbered).
  6393 | D:6      | Killed Eustachio
  6541 | D:6      | Noticed Edmund
  6547 | D:6      | Killed Edmund
  6677 | D:6      | Reached skill level 10 in Unarmed Combat
  6760 | D:6      | Reached XP level 9. HP: 74/74 MP: 10/10
  6788 | D:6      | 6788 ||| Stepping ~*~*~tactically~*~*~ (stealth).
  6810 | D:6      | 6810 ||| FLEEEEING.
  6810 | D:6      | Noticed Pikel
  6811 | D:6      | 6811 ||| FLEEEEING.
  6812 | D:6      | 6812 ||| FLEEEEING.
  6813 | D:6      | 6813 ||| FLEEEEING.
  6814 | D:6      | 6814 ||| FLEEEEING.
  6847 | D:6      | 6847 ||| Stepping ~*~*~tactically~*~*~ (stealth).
  6849 | D:6      | 6849 ||| Stepping ~*~*~tactically~*~*~ (stealth).
  6851 | D:6      | 6851 ||| Stepping ~*~*~tactically~*~*~ (stealth).
  6859 | D:6      | Killed Pikel
  6982 | D:6      | 6982 ||| Stepping ~*~*~tactically~*~*~ (stealth).
  6983 | D:6      | 6983 ||| Stepping ~*~*~tactically~*~*~ (stealth).
  6984 | D:6      | 6984 ||| Stepping ~*~*~tactically~*~*~ (stealth).
  7182 | D:6      | 7182 ||| Stepping ~*~*~tactically~*~*~ (outnumbered).
  7276 | D:6      | 7276 ||| DROPPING +0 ring mail.
  7277 | D:6      | 7277 ||| UPGRADING to +0 plate armour.
  7287 | D:6      | 7287 ||| DROPPING +3 leather armour of willpower.
  7288 | D:6      | 7288 ||| READING 4 scrolls of identify.
  7288 | D:6      | 7288 ||| IDENTIFYING fuming purple potion
  7289 | D:6      | 7289 ||| READING 3 scrolls of identify.
  7289 | D:6      | 7289 ||| IDENTIFYING sapphire potion
  7290 | D:6      | 7290 ||| DROPPING potion of degeneration.
  7291 | D:6      | 7291 ||| DROPPING potion of lignification.
  7356 | D:7      | 7356 ||| Stepping ~*~*~tactically~*~*~ (cloud).
  7357 | D:7      | 7357 ||| Stepping ~*~*~tactically~*~*~ (cloud).
  7364 | D:7      | Reached skill level 3 in Armour
  7631 | D:7      | 7631 ||| DRINKING 5 potions of curing.
  7631 | D:7      | 7631 ||| (to cure confusion)
  7632 | D:7      | 7632 ||| DRINKING 4 potions of curing.
  7632 | D:7      | 7632 ||| (to cure confusion)
  7642 | D:7      | Reached skill level 11 in Unarmed Combat
  7652 | D:7      | 7652 ||| Stepping ~*~*~tactically~*~*~ (hiding).
  7833 | D:7      | Found a staircase to the Ecumenical Temple.
  7834 | D:7      | 7834 ||| PLANNING TEMPLE
  7834 | D:7      | 7834 ||| UPGRADING to +0 cloak.
  7839 | D:7      | 7839 ||| READING scroll labelled NUTTEU XUGOA.
  7840 | D:7      | 7840 ||| READING 2 scrolls labelled JUBBIS UPTITT.
  7841 | D:7      | 7841 ||| DROPPING scroll of immolation.
  7847 | Temple   | Entered the Ecumenical Temple
  7853 | Temple   | Became a worshipper of Warmaster Okawaru
  7860 | Temple   | 7860 ||| PLANNING D:1-11
  7946 | D:7      | Reached XP level 10. HP: 86/86 MP: 11/11
  8066 | D:7      | 8066 ||| Stepping ~*~*~tactically~*~*~ (stealth).
  8092 | D:7      | 8092 ||| Stepping ~*~*~tactically~*~*~ (hiding).
  8416 | D:8      | Noticed Erica
  8417 | D:8      | 8417 ||| Stepping ~*~*~tactically~*~*~ (hiding).
  8434 | D:8      | HP: 16/86 [Erica/+0 scimitar of flaming (6)]
  8435 | D:8      | 8435 ||| READING 3 scrolls of teleportation.
  8439 | D:8      | 8439 ||| READING 2 scrolls of teleportation.
  8440 | D:8      | HP: 12/86 [orc/+0 dagger (1)]
  8455 | D:8      | 8455 ||| Stepping ~*~*~tactically~*~*~ (hiding).
  8458 | D:8      | 8458 ||| Stepping ~*~*~tactically~*~*~ (hiding).
  8460 | D:8      | 8460 ||| READING scroll of teleportation.
  8547 | D:8      | 8547 ||| Invisible monster not found???
  8868 | D:8      | 8868 ||| DRINKING 3 potions of curing.
  8868 | D:8      | 8868 ||| (to cure confusion)
  8888 | D:8      | HP: 18/86 [something (8)]
  8890 | D:8      | 8890 ||| DRINKING 2 potions of curing.
  8890 | D:8      | 8890 ||| (to cure confusion)
  8893 | D:8      | Killed Erica
  8894 | D:8      | Reached skill level 12 in Unarmed Combat
  9110 | D:8      | 9110 ||| Stepping ~*~*~tactically~*~*~ (stealth).
  9113 | D:8      | 9113 ||| Stepping ~*~*~tactically~*~*~ (stealth).
  9115 | D:8      | 9115 ||| Stepping ~*~*~tactically~*~*~ (hiding).
  9119 | D:8      | 9119 ||| Stepping ~*~*~tactically~*~*~ (outnumbered).
  9122 | D:8      | 9122 ||| Stepping ~*~*~tactically~*~*~ (outnumbered).
  9123 | D:8      | 9123 ||| Stepping ~*~*~tactically~*~*~ (outnumbered).
  9124 | D:8      | 9124 ||| Stepping ~*~*~tactically~*~*~ (outnumbered).
  9126 | D:8      | 9126 ||| Stepping ~*~*~tactically~*~*~ (outnumbered).
  9151 | D:8      | Identified the +1 scale mail "Woelaps" {Regen+ Int+2 Dex-4}
  9152 | D:8      | 9152 ||| FLEEEEING.
  9153 | D:8      | 9153 ||| FLEEEEING.
  9154 | D:8      | 9154 ||| FLEEEEING.
  9159 | D:8      | 9159 ||| FLEEEEING.
  9160 | D:8      | 9160 ||| FLEEEEING.
  9161 | D:8      | 9161 ||| FLEEEEING.
  9162 | D:8      | 9162 ||| FLEEEEING.
  9171 | D:8      | 9171 ||| FLEEEEING.
  9187 | D:8      | 9187 ||| FLEEEEING.
  9188 | D:8      | 9188 ||| FLEEEEING.
  9189 | D:8      | 9189 ||| FLEEEEING.
  9190 | D:8      | 9190 ||| FLEEEEING.
  9191 | D:8      | 9191 ||| FLEEEEING.
  9192 | D:8      | 9192 ||| FLEEEEING.
  9193 | D:8      | 9193 ||| FLEEEEING.
  9253 | D:8      | 9253 ||| Stepping ~*~*~tactically~*~*~ (outnumbered).
  9254 | D:8      | 9254 ||| Stepping ~*~*~tactically~*~*~ (outnumbered).
  9255 | D:8      | 9255 ||| Stepping ~*~*~tactically~*~*~ (outnumbered).
  9256 | D:8      | 9256 ||| Stepping ~*~*~tactically~*~*~ (outnumbered).
  9258 | D:8      | 9258 ||| Stepping ~*~*~tactically~*~*~ (outnumbered).
  9261 | D:8      | 9261 ||| Stepping ~*~*~tactically~*~*~ (outnumbered).
  9407 | D:8      | 9407 ||| Stepping ~*~*~tactically~*~*~ (stealth).
  9427 | D:8      | 9427 ||| Stepping ~*~*~tactically~*~*~ (stealth).
  9428 | D:8      | 9428 ||| Stepping ~*~*~tactically~*~*~ (stealth).
  9567 | D:8      | Noticed Joseph
  9568 | D:8      | 9568 ||| Stepping ~*~*~tactically~*~*~ (hiding).
  9570 | D:8      | 9570 ||| Stepping ~*~*~tactically~*~*~ (hiding).
  9579 | D:8      | Killed Joseph
  9579 | D:8      | Reached * piety under Okawaru
  9693 | D:8      | Noticed Prince Ribbit
  9698 | D:8      | Killed Prince Ribbit
  9699 | D:8      | Reached skill level 1 in Invocations
  9805 | D:9      | Reached skill level 13 in Unarmed Combat
  9805 | D:9      | 9805 ||| STAIRDANCE
  9894 | D:9      | Noticed a death yak
  9895 | D:9      | 9895 ||| INVOKING Heroism.
  9898 | D:9      | Noticed a death yak
  9899 | D:9      | Noticed a death yak
  9904 | D:9      | Killed a death yak
  9904 | D:9      | Reached ** piety under Okawaru
  9905 | D:9      | Reached skill level 3 in Invocations
  9912 | D:9      | Killed a death yak
  9913 | D:9      | 9913 ||| INVOKING Heroism.
  9920 | D:9      | Killed a death yak
  9920 | D:9      | Reached *** piety under Okawaru
  9921 | D:9      | Reached XP level 11. HP: 37/94 MP: 9/13
  9928 | D:9      | 9928 ||| FLEEEEING.
  9929 | D:9      | 9929 ||| FLEEEEING.
  9930 | D:9      | 9930 ||| FLEEEEING.
  9931 | D:9      | 9931 ||| FLEEEEING.
  9932 | D:9      | 9932 ||| FLEEEEING.
  9933 | D:9      | 9933 ||| STAIRDANCE
 10161 | D:9      | Found a staircase to the Lair.
 10190 | D:9      | Found a transporter.
 10196 | D:9      | 10196 ||| INVOKING Heroism.
 10214 | D:9      | 10214 ||| Stepping ~*~*~tactically~*~*~ (stealth).
 10214 | D:9      | Found a transporter.
 10228 | D:9      | Reached skill level 14 in Unarmed Combat
 10312 | D:9      | Found a staircase to the Orcish Mines.
 10352 | D:9      | 10352 ||| Stepping ~*~*~tactically~*~*~ (stealth).
 10353 | D:9      | 10353 ||| Stepping ~*~*~tactically~*~*~ (stealth).
 10354 | D:9      | 10354 ||| Stepping ~*~*~tactically~*~*~ (stealth).
 10355 | D:9      | 10355 ||| Stepping ~*~*~tactically~*~*~ (stealth).
 10357 | D:9      | 10357 ||| Stepping ~*~*~tactically~*~*~ (stealth).
 10418 | D:9      | Noticed a brown ugly thing
 10418 | D:9      | Noticed a glowing orange brain
 10422 | D:9      | Found a one-way gate to the infinite horrors of the Abyss.
 10445 | D:9      | 10445 ||| READING scroll of enchant armour.
 10445 | D:9      | 10445 ||| ENCHANTING +0 helmet.
 10450 | D:9      | 10450 ||| Stepping ~*~*~tactically~*~*~ (stealth).
 10465 | D:9      | 10465 ||| Stepping ~*~*~tactically~*~*~ (stealth).
 10469 | D:9      | 10469 ||| Stepping ~*~*~tactically~*~*~ (stealth).
 10612 | D:9      | 10612 ||| INVOKING Heroism.
 10616 | D:9      | 10616 ||| Stepping ~*~*~tactically~*~*~ (outnumbered).
 10617 | D:9      | 10617 ||| Stepping ~*~*~tactically~*~*~ (outnumbered).
 10618 | D:9      | 10618 ||| Stepping ~*~*~tactically~*~*~ (outnumbered).
 10717 | D:9      | Found a bloodstained altar of Trog.
 10834 | D:9      | Noticed a red ugly thing
 10834 | D:9      | Noticed a skeletal warrior
 10835 | D:9      | 10835 ||| INVOKING Heroism.
 10842 | D:9      | 10842 ||| Stepping ~*~*~tactically~*~*~ (outnumbered).
 10843 | D:9      | 10843 ||| Stepping ~*~*~tactically~*~*~ (outnumbered).
 10845 | D:9      | 10845 ||| Stepping ~*~*~tactically~*~*~ (outnumbered).
 10846 | D:9      | 10846 ||| Stepping ~*~*~tactically~*~*~ (outnumbered).
 10866 | D:9      | Noticed qw's ghost (novice TrCA)
 10890 | D:9      | 10890 ||| INVOKING Heroism.
 10891 | D:9      | 10891 ||| Stepping ~*~*~tactically~*~*~ (cloud).
 10937 | D:9      | Found an ornate altar of the Wu Jian Council.
 10974 | D:9      | 10974 ||| PLANNING LAIR
 11034 | Lair:1   | Entered Level 1 of the Lair of Beasts
 11435 | Lair:1   | 11435 ||| Stepping ~*~*~tactically~*~*~ (stealth).
 11436 | Lair:1   | 11436 ||| INVOKING Heroism.
 11442 | Lair:1   | Reached skill level 6 in Armour
 11453 | Lair:1   | 11453 ||| Stepping ~*~*~tactically~*~*~ (stealth).
 11455 | Lair:1   | 11455 ||| INVOKING Heroism.
 11471 | Lair:1   | 11471 ||| INVOKING Heroism.
 11515 | Lair:1   | 11515 ||| INVOKING Heroism.
 11663 | Lair:1   | 11663 ||| INVOKING Heroism.
 11671 | Lair:1   | Reached skill level 3 in Throwing
 11862 | Lair:1   | 11862 ||| INVOKING Heroism.
 11869 | Lair:1   | 11869 ||| Stepping ~*~*~tactically~*~*~ (outnumbered).
 11870 | Lair:1   | 11870 ||| Stepping ~*~*~tactically~*~*~ (outnumbered).
 11871 | Lair:1   | 11871 ||| Stepping ~*~*~tactically~*~*~ (outnumbered).
 11872 | Lair:1   | 11872 ||| Stepping ~*~*~tactically~*~*~ (outnumbered).
 11873 | Lair:1   | 11873 ||| Stepping ~*~*~tactically~*~*~ (outnumbered).
 11874 | Lair:1   | 11874 ||| Stepping ~*~*~tactically~*~*~ (outnumbered).
 11875 | Lair:1   | 11875 ||| Stepping ~*~*~tactically~*~*~ (outnumbered).
 11879 | Lair:1   | 11879 ||| Stepping ~*~*~tactically~*~*~ (outnumbered).
 11880 | Lair:1   | 11880 ||| Stepping ~*~*~tactically~*~*~ (outnumbered).
 11881 | Lair:1   | 11881 ||| Stepping ~*~*~tactically~*~*~ (outnumbered).
 11882 | Lair:1   | 11882 ||| Stepping ~*~*~tactically~*~*~ (outnumbered).
 11890 | Lair:1   | 11890 ||| INVOKING Heroism.
 11891 | Lair:1   | Reached **** piety under Okawaru
 11897 | Lair:1   | Reached skill level 15 in Unarmed Combat
 12138 | Lair:1   | 12138 ||| INVOKING Heroism.
 12572 | Lair:1   | 12572 ||| UPGRADING to ring of protection from fire.
 12573 | Lair:1   | 12573 ||| READING scroll labelled LEREJU HOLOYL.
 12629 | Lair:2   | 12629 ||| INVOKING Heroism.
 12718 | Lair:2   | 12718 ||| INVOKING Heroism.
 12740 | Lair:2   | 12740 ||| INVOKING Heroism.
 12745 | Lair:2   | Received a gift from Okawaru
 12746 | Lair:2   | Reached skill level 6 in Invocations
 12822 | Lair:2   | Found a staircase to the Shoals.
 12823 | Lair:2   | Noticed a manticore
 12824 | Lair:2   | 12824 ||| INVOKING Heroism.
 12826 | Lair:2   | 12826 ||| Stepping ~*~*~tactically~*~*~ (outnumbered).
 12827 | Lair:2   | 12827 ||| Stepping ~*~*~tactically~*~*~ (outnumbered).
 12834 | Lair:2   | Killed a manticore
 12835 | Lair:2   | Reached skill level 9 in Fighting
 12835 | Lair:2   | Reached XP level 12. HP: 71/104 MP: 13/15
 13072 | Lair:2   | Found a shadowy altar of Dithmenos.
 13073 | Lair:2   | 13073 ||| INVOKING Heroism.
 13074 | Lair:2   | 13074 ||| Stepping ~*~*~tactically~*~*~ (outnumbered).
 13088 | Lair:2   | 13088 ||| Stepping ~*~*~tactically~*~*~ (outnumbered).
 13110 | Lair:2   | 13110 ||| INVOKING Heroism.
 13111 | Lair:2   | 13111 ||| Stepping ~*~*~tactically~*~*~ (outnumbered).
 13126 | Lair:2   | 13126 ||| INVOKING Heroism.
 13127 | Lair:2   | 13127 ||| Stepping ~*~*~tactically~*~*~ (outnumbered).
 13177 | Lair:2   | 13177 ||| INVOKING Heroism.
 13178 | Lair:2   | 13178 ||| Stepping ~*~*~tactically~*~*~ (outnumbered).
 13201 | Lair:2   | 13201 ||| Stepping ~*~*~tactically~*~*~ (stealth).
 13202 | Lair:2   | 13202 ||| INVOKING Heroism.
 13203 | Lair:2   | 13203 ||| Stepping ~*~*~tactically~*~*~ (outnumbered).
 13356 | Lair:2   | 13356 ||| Stepping ~*~*~tactically~*~*~ (hiding).
 13357 | Lair:2   | 13357 ||| Stepping ~*~*~tactically~*~*~ (hiding).
 13389 | Lair:2   | 13389 ||| Stepping ~*~*~tactically~*~*~ (hiding).
 13391 | Lair:2   | 13391 ||| Stepping ~*~*~tactically~*~*~ (hiding).
 13406 | Lair:2   | 13406 ||| Stepping ~*~*~tactically~*~*~ (stealth).
 13408 | Lair:2   | 13408 ||| Stepping ~*~*~tactically~*~*~ (hiding).
 13410 | Lair:2   | 13410 ||| Stepping ~*~*~tactically~*~*~ (hiding).
 13444 | Lair:2   | 13444 ||| INVOKING Heroism.
 13717 | Lair:2   | Found a staircase to the Snake Pit.
 14027 | Lair:2   | 14027 ||| UPGRADING to +6 ring of dexterity.
 14028 | Lair:2   | 14028 ||| READING 8 scrolls of identify.
 14028 | Lair:2   | 14028 ||| IDENTIFYING black potion
 14046 | Lair:3   | 14046 ||| INVOKING Heroism.
 14061 | Lair:3   | Reached ***** piety under Okawaru
 14067 | Lair:3   | 14067 ||| Stepping ~*~*~tactically~*~*~ (outnumbered).
 14068 | Lair:3   | 14068 ||| Stepping ~*~*~tactically~*~*~ (outnumbered).
 14073 | Lair:3   | 14073 ||| Stepping ~*~*~tactically~*~*~ (outnumbered).
 14074 | Lair:3   | 14074 ||| Stepping ~*~*~tactically~*~*~ (outnumbered).
 14076 | Lair:3   | 14076 ||| Stepping ~*~*~tactically~*~*~ (outnumbered).
 14077 | Lair:3   | 14077 ||| Stepping ~*~*~tactically~*~*~ (outnumbered).
 14078 | Lair:3   | 14078 ||| Stepping ~*~*~tactically~*~*~ (outnumbered).
 14079 | Lair:3   | 14079 ||| Stepping ~*~*~tactically~*~*~ (outnumbered).
 14080 | Lair:3   | 14080 ||| Stepping ~*~*~tactically~*~*~ (outnumbered).
 14083 | Lair:3   | Received a gift from Okawaru
 14084 | Lair:3   | 14084 ||| Stepping ~*~*~tactically~*~*~ (outnumbered).
 14085 | Lair:3   | 14085 ||| Stepping ~*~*~tactically~*~*~ (outnumbered).
 14088 | Lair:3   | 14088 ||| Stepping ~*~*~tactically~*~*~ (outnumbered).
 14090 | Lair:3   | Reached skill level 3 in Dodging
 14091 | Lair:3   | 14091 ||| INVOKING Heroism.
 14356 | Lair:3   | 14356 ||| INVOKING Heroism.
 14356 | Lair:3   | Noticed an eight-headed hydra
 14357 | Lair:3   | 14357 ||| INVOKING Finesse.
 14369 | Lair:3   | 14369 ||| Stepping ~*~*~tactically~*~*~ (outnumbered).
 14374 | Lair:3   | 14374 ||| Stepping ~*~*~tactically~*~*~ (outnumbered).
 14375 | Lair:3   | Killed an eight-headed hydra
 14376 | Lair:3   | Reached skill level 9 in Invocations
 14376 | Lair:3   | 14376 ||| Stepping ~*~*~tactically~*~*~ (outnumbered).
 14399 | Lair:3   | Reached skill level 16 in Unarmed Combat
 14951 | Lair:4   | 14951 ||| Stepping ~*~*~tactically~*~*~ (stealth).
 14953 | Lair:4   | Noticed a seven-headed hydra
 14954 | Lair:4   | 14954 ||| INVOKING Heroism.
 14955 | Lair:4   | 14955 ||| Stepping ~*~*~tactically~*~*~ (stealth).
 14959 | Lair:4   | 14959 ||| INVOKING Finesse.
 14965 | Lair:4   | Killed a seven-headed hydra
 14972 | Lair:4   | 14972 ||| Stepping ~*~*~tactically~*~*~ (outnumbered).
 15006 | Lair:4   | Noticed a boulder beetle
 15007 | Lair:4   | 15007 ||| Stepping ~*~*~tactically~*~*~ (stealth).
 15030 | Lair:4   | 15030 ||| INVOKING Heroism.
 15031 | Lair:4   | 15031 ||| Stepping ~*~*~tactically~*~*~ (outnumbered).
 15032 | Lair:4   | 15032 ||| Stepping ~*~*~tactically~*~*~ (outnumbered).
 15033 | Lair:4   | 15033 ||| Stepping ~*~*~tactically~*~*~ (stealth).
 15039 | Lair:4   | 15039 ||| Stepping ~*~*~tactically~*~*~ (outnumbered).
 15047 | Lair:4   | 15047 ||| Stepping ~*~*~tactically~*~*~ (outnumbered).
 15050 | Lair:4   | 15050 ||| Stepping ~*~*~tactically~*~*~ (outnumbered).
 15051 | Lair:4   | 15051 ||| Stepping ~*~*~tactically~*~*~ (outnumbered).
 15052 | Lair:4   | 15052 ||| Stepping ~*~*~tactically~*~*~ (outnumbered).
 15058 | Lair:4   | Reached XP level 13. HP: 74/111 MP: 19/19
 15067 | Lair:4   | Identified the +5 ring mail of Privacy {rCorr} (Okawaru
                  | gifted it to you on level 4 of the Lair of Beasts)
 15067 | Lair:4   | Received a gift from Okawaru
 15186 | Lair:4   | 15186 ||| INVOKING Heroism.
 15304 | Lair:4   | 15304 ||| INVOKING Heroism.
 15305 | Lair:4   | 15305 ||| INVOKING Finesse.
 15563 | Lair:4   | 15563 ||| INVOKING Heroism.
 15593 | Lair:4   | 15593 ||| INVOKING Finesse.
 15597 | Lair:4   | 15597 ||| Stepping ~*~*~tactically~*~*~ (stealth).
 15610 | Lair:4   | 15610 ||| INVOKING Heroism.
 15612 | Lair:4   | 15612 ||| Stepping ~*~*~tactically~*~*~ (outnumbered).
 15613 | Lair:4   | 15613 ||| INVOKING Finesse.
 15639 | Lair:4   | Reached skill level 17 in Unarmed Combat
 15744 | Lair:4   | 15744 ||| INVOKING Heroism.
 15745 | Lair:4   | 15745 ||| INVOKING Finesse.
 15808 | Lair:4   | 15808 ||| Stepping ~*~*~tactically~*~*~ (stealth).
 15809 | Lair:4   | 15809 ||| Stepping ~*~*~tactically~*~*~ (stealth).
 15810 | Lair:4   | 15810 ||| Stepping ~*~*~tactically~*~*~ (stealth).
 15865 | Lair:4   | 15865 ||| INVOKING Heroism.
 16246 | Lair:4   | Found a staircase to the Slime Pits.
 16449 | Lair:4   | 16449 ||| DROPPING +4 chain mail.
 16458 | Lair:5   | Entered Level 5 of the Lair of Beasts
 16459 | Lair:5   | 16459 ||| INVOKING Heroism.
 16460 | Lair:5   | 16460 ||| STAIRDANCE
 16476 | Lair:5   | 16476 ||| STAIRDANCE
 16609 | Lair:5   | 16609 ||| INVOKING Heroism.
 16610 | Lair:5   | 16610 ||| Stepping ~*~*~tactically~*~*~ (outnumbered).
 16611 | Lair:5   | 16611 ||| Stepping ~*~*~tactically~*~*~ (outnumbered).
 16612 | Lair:5   | 16612 ||| Stepping ~*~*~tactically~*~*~ (outnumbered).
 16613 | Lair:5   | 16613 ||| Stepping ~*~*~tactically~*~*~ (outnumbered).
 16614 | Lair:5   | 16614 ||| Stepping ~*~*~tactically~*~*~ (outnumbered).
 16615 | Lair:5   | 16615 ||| Stepping ~*~*~tactically~*~*~ (outnumbered).
 16616 | Lair:5   | 16616 ||| Stepping ~*~*~tactically~*~*~ (outnumbered).
 16617 | Lair:5   | 16617 ||| Stepping ~*~*~tactically~*~*~ (outnumbered).
 16618 | Lair:5   | 16618 ||| Stepping ~*~*~tactically~*~*~ (outnumbered).
 16649 | Lair:5   | Reached skill level 18 in Unarmed Combat
 16652 | Lair:5   | Identified the +1 hat "Joiqorch" {Dex+4} (Okawaru gifted it
                  | to you on level 5 of the Lair of Beasts)
 16652 | Lair:5   | Received a gift from Okawaru
 16756 | Lair:5   | 16756 ||| INVOKING Heroism.
 16923 | Lair:5   | 16923 ||| INVOKING Heroism.
 16943 | Lair:5   | Reached XP level 14. HP: 121/121 MP: 20/20
 17010 | Lair:5   | 17010 ||| READING scroll of enchant armour.
 17010 | Lair:5   | 17010 ||| ENCHANTING +1 helmet.
 17026 | Lair:5   | 17026 ||| Stepping ~*~*~tactically~*~*~ (stealth).
 17027 | Lair:5   | 17027 ||| Stepping ~*~*~tactically~*~*~ (stealth).
 17028 | Lair:5   | 17028 ||| Stepping ~*~*~tactically~*~*~ (stealth).
 17030 | Lair:5   | 17030 ||| Stepping ~*~*~tactically~*~*~ (stealth).
 17031 | Lair:5   | 17031 ||| INVOKING Heroism.
 17032 | Lair:5   | 17032 ||| INVOKING Finesse.
 17273 | Lair:5   | 17273 ||| Stepping ~*~*~tactically~*~*~ (stealth).
 17275 | Lair:5   | 17275 ||| Stepping ~*~*~tactically~*~*~ (stealth).
 17336 | Lair:5   | 17336 ||| Stepping ~*~*~tactically~*~*~ (stealth).
 17361 | Lair:5   | 17361 ||| Stepping ~*~*~tactically~*~*~ (stealth).
 17414 | Lair:5   | 17414 ||| INVOKING Heroism.
 17460 | Lair:5   | 17460 ||| FLEEEEING.
 17461 | Lair:5   | 17461 ||| FLEEEEING.
 17462 | Lair:5   | 17462 ||| STAIRDANCE
 17512 | Lair:4   | 17512 ||| DROPPING +1 hat "Joiqorch" {Dex+4}.
 17513 | Lair:4   | 17513 ||| READING 10 scrolls of identify.
 17513 | Lair:4   | 17513 ||| IDENTIFYING brown potion
 17514 | Lair:4   | 17514 ||| DROPPING potion of berserk rage.
 17517 | Lair:5   | 17517 ||| STAIRDANCE
 17527 | Lair:5   | 17527 ||| STAIRDANCE
 17567 | Lair:5   | 17567 ||| INVOKING Heroism.
 17568 | Lair:5   | 17568 ||| INVOKING Finesse.
 17570 | Lair:5   | 17570 ||| Stepping ~*~*~tactically~*~*~ (stealth).
 17730 | Lair:5   | 17730 ||| Stepping ~*~*~tactically~*~*~ (stealth).
 18057 | Lair:5   | 18057 ||| INVOKING Heroism.
 18095 | Lair:5   | 18095 ||| PLANNING D:1-11
 18208 | D:10     | Entered Level 10 of the Dungeon
 18213 | D:10     | Noticed Grum
 18214 | D:10     | 18214 ||| INVOKING Heroism.
 18215 | D:10     | 18215 ||| INVOKING Finesse.
 18221 | D:10     | Killed Grum
 18236 | D:10     | 18236 ||| Stepping ~*~*~tactically~*~*~ (hiding).
 18286 | D:10     | Found a hide-covered altar of Uskayaw.
 18290 | D:10     | 18290 ||| Stepping ~*~*~tactically~*~*~ (stealth).
 18292 | D:10     | 18292 ||| Stepping ~*~*~tactically~*~*~ (stealth).
 18317 | D:10     | Reached skill level 19 in Unarmed Combat
 18457 | D:10     | 18457 ||| INVOKING Heroism.
 18492 | D:10     | Noticed Maggie
 18502 | D:10     | Killed Maggie
 18555 | D:10     | 18555 ||| INVOKING Heroism.
 18559 | D:10     | 18559 ||| Stepping ~*~*~tactically~*~*~ (outnumbered).
 18661 | D:10     | Found Ykaj Dai's Distillery.
 18667 | D:10     | 18667 ||| BUYING 2 potions of curing (102 gold).
 18667 | D:10     | Bought 2 potions of curing for 102 gold pieces
 18667 | D:10     | 18667 ||| BUYING potion of curing (51 gold).
 18667 | D:10     | Bought a potion of curing for 51 gold pieces
 18667 | D:10     | 18667 ||| BUYING potion of curing (51 gold).
 18667 | D:10     | Bought a potion of curing for 51 gold pieces
 18667 | D:10     | 18667 ||| BUYING potion of curing (51 gold).
 18667 | D:10     | Bought a potion of curing for 51 gold pieces
 18667 | D:10     | 18667 ||| BUYING potion of curing (51 gold).
 18667 | D:10     | Bought a potion of curing for 51 gold pieces
 18667 | D:10     | 18667 ||| BUYING potion of heal wounds (85 gold).
 18667 | D:10     | Bought a potion of heal wounds for 85 gold pieces
 18667 | D:10     | 18667 ||| BUYING potion of heal wounds (85 gold).
 18667 | D:10     | Bought a potion of heal wounds for 85 gold pieces
 18672 | D:10     | 18672 ||| DROPPING ring of fire.
 18673 | D:10     | Found a shimmering altar of Xom.
 18745 | D:10     | 18745 ||| INVOKING Heroism.
 18905 | D:10     | 18905 ||| Stepping ~*~*~tactically~*~*~ (stealth).
 18907 | D:10     | 18907 ||| Stepping ~*~*~tactically~*~*~ (hiding).
 19045 | D:11     | 19045 ||| STAIRDANCE
 19181 | D:11     | 19181 ||| Stepping ~*~*~tactically~*~*~ (hiding).
 19186 | D:11     | 19186 ||| INVOKING Heroism.
 19187 | D:11     | 19187 ||| Stepping ~*~*~tactically~*~*~ (outnumbered).
 19190 | D:11     | 19190 ||| Stepping ~*~*~tactically~*~*~ (outnumbered).
 19465 | D:11     | 19465 ||| Stepping ~*~*~tactically~*~*~ (hiding).
 19470 | D:11     | 19470 ||| Stepping ~*~*~tactically~*~*~ (hiding).
 19472 | D:11     | 19472 ||| Stepping ~*~*~tactically~*~*~ (stealth).
 19604 | D:11     | Identified the +1 sling "Luh Kaof" {flame, rF+ Str+4}
 19675 | D:11     | 19675 ||| PLANNING D
 19675 | D:11     | 19675 ||| UPGRADING to +6 ring of strength.
 19677 | D:11     | 19677 ||| UPGRADING to ring of protection from fire.
 19679 | D:11     | 19679 ||| READING scroll labelled ENNUETU UHOIL.
 19769 | D:12     | 19769 ||| INVOKING Heroism.
 19770 | D:12     | 19770 ||| INVOKING Finesse.
 19828 | D:12     | 19828 ||| INVOKING Heroism.
 19841 | D:12     | 19841 ||| Stepping ~*~*~tactically~*~*~ (outnumbered).
 19842 | D:12     | 19842 ||| Stepping ~*~*~tactically~*~*~ (outnumbered).
 20127 | D:12     | Found Cyhacylyxt's Firing Range.
 20152 | D:12     | 20152 ||| Stepping ~*~*~tactically~*~*~ (outnumbered).
 20191 | D:12     | 20191 ||| INVOKING Heroism.
 20195 | D:12     | 20195 ||| Stepping ~*~*~tactically~*~*~ (stealth).
 20207 | D:12     | 20207 ||| Stepping ~*~*~tactically~*~*~ (stealth).
 20983 | D:13     | Received a gift from Okawaru
 20999 | D:13     | 20999 ||| INVOKING Heroism.
 21000 | D:13     | 21000 ||| INVOKING Finesse.
 21006 | D:13     | Reached skill level 20 in Unarmed Combat
 21192 | D:13     | 21192 ||| INVOKING Heroism.
 21212 | D:13     | Found an iron altar of Okawaru.
 21260 | D:13     | 21260 ||| Stepping ~*~*~tactically~*~*~ (hiding).
 21261 | D:13     | 21261 ||| Stepping ~*~*~tactically~*~*~ (hiding).
 21262 | D:13     | 21262 ||| Stepping ~*~*~tactically~*~*~ (hiding).
 21266 | D:13     | 21266 ||| INVOKING Heroism.
 21267 | D:13     | 21267 ||| Stepping ~*~*~tactically~*~*~ (outnumbered).
 21294 | D:13     | 21294 ||| Stepping ~*~*~tactically~*~*~ (hiding).
 21296 | D:13     | 21296 ||| Stepping ~*~*~tactically~*~*~ (hiding).
 21313 | D:13     | 21313 ||| INVOKING Heroism.
 21318 | D:13     | 21318 ||| Stepping ~*~*~tactically~*~*~ (outnumbered).
 21319 | D:13     | 21319 ||| Stepping ~*~*~tactically~*~*~ (outnumbered).
 21371 | D:13     | 21371 ||| READING scroll of enchant armour.
 21371 | D:13     | 21371 ||| ENCHANTING +0 pair of boots.
 21389 | D:13     | Noticed Lodul
 21390 | D:13     | 21390 ||| Stepping ~*~*~tactically~*~*~ (stealth).
 21392 | D:13     | 21392 ||| Stepping ~*~*~tactically~*~*~ (hiding).
 21393 | D:13     | 21393 ||| Stepping ~*~*~tactically~*~*~ (hiding).
 21401 | D:13     | 21401 ||| Stepping ~*~*~tactically~*~*~ (outnumbered).
 21409 | D:13     | Killed Lodul
 21410 | D:13     | Reached skill level 6 in Throwing
 21412 | D:13     | 21412 ||| Stepping ~*~*~tactically~*~*~ (outnumbered).
 21414 | D:13     | 21414 ||| INVOKING Heroism.
 21422 | D:13     | Reached XP level 15. HP: 85/132 MP: 18/21
 21812 | D:13     | Found Hautusie's Antique Armour Shoppe.
 21820 | D:13     | 21820 ||| DROPPING amulet of the acrobat.
 21821 | D:13     | 21821 ||| READING 17 scrolls of identify.
 21821 | D:13     | 21821 ||| IDENTIFYING amethyst potion
 21851 | D:14     | 21851 ||| Stepping ~*~*~tactically~*~*~ (outnumbered).
 21852 | D:14     | 21852 ||| Stepping ~*~*~tactically~*~*~ (outnumbered).
 21853 | D:14     | 21853 ||| STAIRDANCE
 21858 | D:13     | Received a gift from Okawaru
 21902 | D:14     | 21902 ||| STAIRDANCE
 21934 | D:14     | 21934 ||| FLEEEEING.
 21959 | D:14     | Reached skill level 12 in Fighting
 21968 | D:14     | Noticed Azrael
 21969 | D:14     | 21969 ||| FLEEEEING.
 21971 | D:14     | 21971 ||| FLEEEEING.
 21975 | D:14     | 21975 ||| INVOKING Heroism.
 21976 | D:14     | 21976 ||| INVOKING Finesse.
 21984 | D:14     | Killed Azrael
 22017 | D:14     | 22017 ||| FLEEEEING.
 22018 | D:14     | 22018 ||| STAIRDANCE
 22302 | D:14     | Reached skill level 9 in Armour
 22319 | D:14     | 22319 ||| Stepping ~*~*~tactically~*~*~ (hiding).
 22320 | D:14     | 22320 ||| Stepping ~*~*~tactically~*~*~ (hiding).
 22444 | D:14     | Found Lour's Jewellery Shop.
 22445 | D:14     | 22445 ||| INVOKING Heroism.
 22640 | D:14     | 22640 ||| BUYING +6 ring of strength (432 gold).
 22640 | D:14     | Bought a +6 ring of strength for 432 gold pieces
 22659 | D:14     | 22659 ||| Stepping ~*~*~tactically~*~*~ (stealth).
 22660 | D:14     | Received a gift from Okawaru
 22768 | D:14     | 22768 ||| INVOKING Heroism.
 22784 | D:14     | HP: 31/132 [skeletal warrior/+0 halberd (16)]
 22785 | D:14     | 22785 ||| READING 5 scrolls of teleportation.
 22786 | D:14     | 22786 ||| DRINKING 4 potions of heal wounds.
 22787 | D:14     | 22787 ||| DRINKING 3 potions of heal wounds.
 22795 | D:14     | HP: 29/132 [skeletal warrior/+0 halberd (8)]
 22796 | D:14     | 22796 ||| READING 4 scrolls of teleportation.
 22797 | D:14     | 22797 ||| DRINKING 2 potions of heal wounds.
 23097 | D:14     | 23097 ||| INVOKING Heroism.
 23157 | D:14     | Found Ramoocvy's Armour Shop.
 23204 | D:14     | 23204 ||| INVOKING Heroism.
 23462 | D:14     | 23462 ||| INVOKING Heroism.
 23550 | D:14     | Found a gate to the Vaults.
 23664 | D:14     | 23664 ||| UPGRADING to +0 buckler.
 23669 | D:14     | 23669 ||| UPGRADING to +1 buckler of fire resistance.
 23679 | D:14     | 23679 ||| DROPPING +0 buckler.
 23680 | D:14     | 23680 ||| UPGRADING to +6 ring of dexterity.
 23682 | D:14     | 23682 ||| UPGRADING to +6 ring of strength.
 23684 | D:14     | 23684 ||| DROPPING +6 ring of dexterity.
 23685 | D:14     | 23685 ||| READING 16 scrolls of identify.
 23685 | D:14     | 23685 ||| IDENTIFYING purple potion
 23733 | D:15     | Entered Level 15 of the Dungeon
 23799 | D:15     | 23799 ||| Stepping ~*~*~tactically~*~*~ (hiding).
 23806 | D:15     | Noticed Jiecrehi's ghost (journeyman DDFi)
 23908 | D:15     | 23908 ||| Stepping ~*~*~tactically~*~*~ (hiding).
 23909 | D:15     | 23909 ||| Stepping ~*~*~tactically~*~*~ (hiding).
 23928 | D:15     | 23928 ||| INVOKING Heroism.
 23930 | D:15     | Reached skill level 1 in Shields
 24015 | D:15     | Found a transporter.
 24108 | D:15     | 24108 ||| Stepping ~*~*~tactically~*~*~ (outnumbered).
 24109 | D:15     | 24109 ||| Stepping ~*~*~tactically~*~*~ (hiding).
 24118 | D:15     | 24118 ||| INVOKING Heroism.
 24281 | D:15     | 24281 ||| READING 2 scrolls of enchant armour.
 24281 | D:15     | 24281 ||| ENCHANTING +1 pair of boots.
 24282 | D:15     | 24282 ||| READING scroll of enchant armour.
 24282 | D:15     | 24282 ||| ENCHANTING +0 cloak.
 24366 | D:15     | 24366 ||| Stepping ~*~*~tactically~*~*~ (hiding).
 24502 | D:15     | Found Addueqyc's Assorted Antiques.
 24508 | D:15     | 24508 ||| BUYING potion of magic (320 gold).
 24508 | D:15     | Bought a potion of magic for 320 gold pieces
 24508 | D:15     | 24508 ||| BUYING runed buckler (300 gold).
 24508 | D:15     | Bought a runed buckler for 300 gold pieces
 24508 | D:15     | 24508 ||| BUYING scroll labelled FELOFR WAFEO (40 gold).
 24508 | D:15     | Bought a scroll labelled FELOFR WAFEO for 40 gold pieces
 24528 | D:15     | Found a transporter.
 24737 | D:15     | 24737 ||| INVOKING Heroism.
 24757 | D:15     | Reached skill level 3 in Shields
 24779 | D:15     | 24779 ||| Stepping ~*~*~tactically~*~*~ (stealth).
 24797 | D:15     | 24797 ||| Stepping ~*~*~tactically~*~*~ (stealth).
 24799 | D:15     | 24799 ||| Stepping ~*~*~tactically~*~*~ (hiding).
 24802 | D:15     | 24802 ||| Stepping ~*~*~tactically~*~*~ (outnumbered).
 24827 | D:15     | Found a staircase to the Depths.
 25024 | D:15     | 25024 ||| PLANNING ORC
 25024 | D:15     | 25024 ||| DROPPING +0 buckler of protection.
 25025 | D:15     | 25025 ||| UPGRADING to +0 kite shield.
 25035 | D:15     | 25035 ||| DROPPING +1 buckler of fire resistance.
 25036 | D:15     | 25036 ||| READING scroll labelled FELOFR WAFEO.
 25036 | D:15     | 25036 ||| ACQUIRING 1016 gold pieces
 25036 | D:15     | Acquired 1016 gold pieces
 25171 | Orc:1    | Entered Level 1 of the Orcish Mines
 25201 | Orc:1    | 25201 ||| INVOKING Heroism.
 25207 | Orc:1    | 25207 ||| Stepping ~*~*~tactically~*~*~ (outnumbered).
 25208 | Orc:1    | 25208 ||| Stepping ~*~*~tactically~*~*~ (outnumbered).
 25209 | Orc:1    | 25209 ||| Stepping ~*~*~tactically~*~*~ (outnumbered).
 25210 | Orc:1    | 25210 ||| Stepping ~*~*~tactically~*~*~ (outnumbered).
 25211 | Orc:1    | 25211 ||| Stepping ~*~*~tactically~*~*~ (outnumbered).
 25212 | Orc:1    | 25212 ||| Stepping ~*~*~tactically~*~*~ (outnumbered).
 25213 | Orc:1    | 25213 ||| Stepping ~*~*~tactically~*~*~ (outnumbered).
 25214 | Orc:1    | 25214 ||| Stepping ~*~*~tactically~*~*~ (outnumbered).
 25215 | Orc:1    | 25215 ||| Stepping ~*~*~tactically~*~*~ (outnumbered).
 25216 | Orc:1    | 25216 ||| Stepping ~*~*~tactically~*~*~ (outnumbered).
 25217 | Orc:1    | 25217 ||| Stepping ~*~*~tactically~*~*~ (outnumbered).
 25225 | Orc:1    | 25225 ||| INVOKING Heroism.
 25232 | Orc:1    | 25232 ||| Stepping ~*~*~tactically~*~*~ (outnumbered).
 25233 | Orc:1    | 25233 ||| Stepping ~*~*~tactically~*~*~ (outnumbered).
 25261 | Orc:1    | 25261 ||| Stepping ~*~*~tactically~*~*~ (outnumbered).
 25262 | Orc:1    | 25262 ||| Stepping ~*~*~tactically~*~*~ (outnumbered).
 25263 | Orc:1    | 25263 ||| Stepping ~*~*~tactically~*~*~ (outnumbered).
 25265 | Orc:1    | 25265 ||| Stepping ~*~*~tactically~*~*~ (outnumbered).
 25266 | Orc:1    | 25266 ||| Stepping ~*~*~tactically~*~*~ (outnumbered).
 25267 | Orc:1    | 25267 ||| Stepping ~*~*~tactically~*~*~ (outnumbered).
 25422 | Orc:1    | 25422 ||| Stepping ~*~*~tactically~*~*~ (stealth).
 25427 | Orc:1    | 25427 ||| Stepping ~*~*~tactically~*~*~ (outnumbered).
 25428 | Orc:1    | 25428 ||| Stepping ~*~*~tactically~*~*~ (outnumbered).
 25523 | Orc:1    | 25523 ||| Stepping ~*~*~tactically~*~*~ (stealth).
 25526 | Orc:1    | 25526 ||| INVOKING Heroism.
 25600 | Orc:1    | Found Guemux's Book Shop.
 25772 | Orc:2    | Entered Level 2 of the Orcish Mines
 25880 | Orc:2    | Found a staircase to the Elven Halls.
 25929 | Orc:2    | 25929 ||| Stepping ~*~*~tactically~*~*~ (stealth).
 25932 | Orc:2    | 25932 ||| Stepping ~*~*~tactically~*~*~ (stealth).
 25935 | Orc:2    | 25935 ||| FLEEEEING.
 25936 | Orc:2    | 25936 ||| FLEEEEING.
 25937 | Orc:2    | 25937 ||| FLEEEEING.
 25938 | Orc:2    | 25938 ||| FLEEEEING.
 25939 | Orc:2    | 25939 ||| FLEEEEING.
 25940 | Orc:2    | 25940 ||| FLEEEEING.
 25941 | Orc:2    | 25941 ||| FLEEEEING.
 25942 | Orc:2    | 25942 ||| FLEEEEING.
 25943 | Orc:2    | 25943 ||| FLEEEEING.
 25944 | Orc:2    | 25944 ||| FLEEEEING.
 25945 | Orc:2    | 25945 ||| FLEEEEING.
 25946 | Orc:2    | 25946 ||| FLEEEEING.
 25947 | Orc:2    | 25947 ||| FLEEEEING.
 25948 | Orc:2    | 25948 ||| FLEEEEING.
 25949 | Orc:2    | 25949 ||| FLEEEEING.
 25950 | Orc:2    | 25950 ||| FLEEEEING.
 25956 | Orc:2    | 25956 ||| FLEEEEING.
 25957 | Orc:2    | 25957 ||| FLEEEEING.
 25958 | Orc:2    | 25958 ||| FLEEEEING.
 25959 | Orc:2    | 25959 ||| FLEEEEING.
 25960 | Orc:2    | 25960 ||| FLEEEEING.
 25961 | Orc:2    | 25961 ||| FLEEEEING.
 25967 | Orc:2    | 25967 ||| FLEEEEING.
 25968 | Orc:2    | 25968 ||| FLEEEEING.
 25969 | Orc:2    | 25969 ||| FLEEEEING.
 25970 | Orc:2    | 25970 ||| FLEEEEING.
 25971 | Orc:2    | 25971 ||| FLEEEEING.
 25972 | Orc:2    | 25972 ||| FLEEEEING.
 25975 | Orc:2    | 25975 ||| STAIRDANCE
 26023 | Orc:2    | 26023 ||| STAIRDANCE
 26060 | Orc:2    | 26060 ||| INVOKING Heroism.
 26064 | Orc:2    | 26064 ||| INVOKING Finesse.
 26072 | Orc:2    | 26072 ||| Stepping ~*~*~tactically~*~*~ (outnumbered).
 26073 | Orc:2    | 26073 ||| Stepping ~*~*~tactically~*~*~ (outnumbered).
 26074 | Orc:2    | 26074 ||| Stepping ~*~*~tactically~*~*~ (outnumbered).
 26075 | Orc:2    | 26075 ||| Stepping ~*~*~tactically~*~*~ (outnumbered).
 26076 | Orc:2    | 26076 ||| Stepping ~*~*~tactically~*~*~ (outnumbered).
 26077 | Orc:2    | 26077 ||| Stepping ~*~*~tactically~*~*~ (outnumbered).
 26078 | Orc:2    | 26078 ||| Stepping ~*~*~tactically~*~*~ (outnumbered).
 26079 | Orc:2    | 26079 ||| Stepping ~*~*~tactically~*~*~ (outnumbered).
 26080 | Orc:2    | 26080 ||| Stepping ~*~*~tactically~*~*~ (outnumbered).
 26081 | Orc:2    | 26081 ||| Stepping ~*~*~tactically~*~*~ (outnumbered).
 26082 | Orc:2    | 26082 ||| Stepping ~*~*~tactically~*~*~ (outnumbered).
 26083 | Orc:2    | 26083 ||| Stepping ~*~*~tactically~*~*~ (outnumbered).
 26084 | Orc:2    | 26084 ||| Stepping ~*~*~tactically~*~*~ (outnumbered).
 26085 | Orc:2    | 26085 ||| Stepping ~*~*~tactically~*~*~ (outnumbered).
 26091 | Orc:2    | 26091 ||| Stepping ~*~*~tactically~*~*~ (outnumbered).
 26092 | Orc:2    | 26092 ||| STAIRDANCE
 26165 | Orc:2    | 26165 ||| INVOKING Heroism.
 26252 | Orc:2    | 26252 ||| Stepping ~*~*~tactically~*~*~ (stealth).
 26253 | Orc:2    | 26253 ||| Stepping ~*~*~tactically~*~*~ (stealth).
 26258 | Orc:2    | 26258 ||| Stepping ~*~*~tactically~*~*~ (stealth).
 26259 | Orc:2    | 26259 ||| Stepping ~*~*~tactically~*~*~ (stealth).
 26269 | Orc:2    | 26269 ||| Stepping ~*~*~tactically~*~*~ (stealth).
 26270 | Orc:2    | 26270 ||| Stepping ~*~*~tactically~*~*~ (stealth).
 26361 | Orc:2    | Found Qaelug's Magic Scroll Shop.
 26362 | Orc:2    | Found Ule Muyd's General Store.
 26363 | Orc:2    | 26363 ||| INVOKING Heroism.
 26366 | Orc:2    | 26366 ||| Stepping ~*~*~tactically~*~*~ (outnumbered).
 26370 | Orc:2    | 26370 ||| Stepping ~*~*~tactically~*~*~ (outnumbered).
 26371 | Orc:2    | 26371 ||| Stepping ~*~*~tactically~*~*~ (outnumbered).
 26372 | Orc:2    | 26372 ||| Stepping ~*~*~tactically~*~*~ (outnumbered).
 26373 | Orc:2    | 26373 ||| Stepping ~*~*~tactically~*~*~ (outnumbered).
 26374 | Orc:2    | 26374 ||| Stepping ~*~*~tactically~*~*~ (outnumbered).
 26375 | Orc:2    | 26375 ||| Stepping ~*~*~tactically~*~*~ (outnumbered).
 26386 | Orc:2    | 26386 ||| Stepping ~*~*~tactically~*~*~ (outnumbered).
 26390 | Orc:2    | 26390 ||| INVOKING Heroism.
 26392 | Orc:2    | 26392 ||| Stepping ~*~*~tactically~*~*~ (outnumbered).
 26393 | Orc:2    | 26393 ||| Stepping ~*~*~tactically~*~*~ (outnumbered).
 26541 | Orc:2    | 26541 ||| Stepping ~*~*~tactically~*~*~ (stealth).
 26543 | Orc:2    | 26543 ||| Stepping ~*~*~tactically~*~*~ (stealth).
 26552 | Orc:2    | 26552 ||| Stepping ~*~*~tactically~*~*~ (stealth).
 26557 | Orc:2    | 26557 ||| Stepping ~*~*~tactically~*~*~ (hiding).
 26560 | Orc:2    | 26560 ||| Stepping ~*~*~tactically~*~*~ (hiding).
 26571 | Orc:2    | 26571 ||| Stepping ~*~*~tactically~*~*~ (hiding).
 26594 | Orc:2    | 26594 ||| BUYING scroll of teleportation (39 gold).
 26594 | Orc:2    | Bought a scroll of teleportation for 39 gold pieces
 26594 | Orc:2    | 26594 ||| BUYING scroll of teleportation (39 gold).
 26594 | Orc:2    | Bought a scroll of teleportation for 39 gold pieces
 26613 | Orc:2    | 26613 ||| Stepping ~*~*~tactically~*~*~ (hiding).
 26621 | Orc:2    | 26621 ||| INVOKING Heroism.
 26625 | Orc:2    | Reached skill level 6 in Shields
 26636 | Orc:2    | 26636 ||| Stepping ~*~*~tactically~*~*~ (stealth).
 26641 | Orc:2    | 26641 ||| Stepping ~*~*~tactically~*~*~ (hiding).
 26655 | Orc:2    | 26655 ||| Stepping ~*~*~tactically~*~*~ (hiding).
 26764 | Orc:2    | 26764 ||| Stepping ~*~*~tactically~*~*~ (stealth).
 26766 | Orc:2    | 26766 ||| Stepping ~*~*~tactically~*~*~ (stealth).
 26768 | Orc:2    | 26768 ||| Stepping ~*~*~tactically~*~*~ (hiding).
 26775 | Orc:2    | 26775 ||| INVOKING Heroism.
 26777 | Orc:2    | Received a gift from Okawaru
 26793 | Orc:2    | 26793 ||| INVOKING Heroism.
 26811 | Orc:2    | 26811 ||| Stepping ~*~*~tactically~*~*~ (stealth).
 26824 | Orc:2    | 26824 ||| Stepping ~*~*~tactically~*~*~ (outnumbered).
 26825 | Orc:2    | 26825 ||| Stepping ~*~*~tactically~*~*~ (outnumbered).
 26832 | Orc:2    | 26832 ||| Stepping ~*~*~tactically~*~*~ (outnumbered).
 26848 | Orc:2    | 26848 ||| INVOKING Heroism.
 26858 | Orc:2    | 26858 ||| Stepping ~*~*~tactically~*~*~ (outnumbered).
 26859 | Orc:2    | 26859 ||| Stepping ~*~*~tactically~*~*~ (outnumbered).
 26865 | Orc:2    | 26865 ||| Stepping ~*~*~tactically~*~*~ (outnumbered).
 26866 | Orc:2    | 26866 ||| Stepping ~*~*~tactically~*~*~ (outnumbered).
 26868 | Orc:2    | 26868 ||| Stepping ~*~*~tactically~*~*~ (outnumbered).
 26869 | Orc:2    | 26869 ||| Stepping ~*~*~tactically~*~*~ (outnumbered).
 26875 | Orc:2    | Reached XP level 16. HP: 95/139 MP: 22/22
 27006 | Orc:2    | Found Hogu Kok's Jewellery Shoppe.
 27006 | Orc:2    | Found Seselet's Antique Weapon Emporium.
 27007 | Orc:2    | Found a one-way gate leading to the halls of Pandemonium.
 27009 | Orc:2    | 27009 ||| BUYING +4 ring of protection (432 gold).
 27009 | Orc:2    | Bought a +4 ring of protection for 432 gold pieces
 27044 | Orc:2    | 27044 ||| INVOKING Heroism.
 27048 | Orc:2    | 27048 ||| Stepping ~*~*~tactically~*~*~ (outnumbered).
 27050 | Orc:2    | 27050 ||| Stepping ~*~*~tactically~*~*~ (outnumbered).
 27051 | Orc:2    | 27051 ||| Stepping ~*~*~tactically~*~*~ (outnumbered).
 27052 | Orc:2    | 27052 ||| Stepping ~*~*~tactically~*~*~ (outnumbered).
 27053 | Orc:2    | 27053 ||| Stepping ~*~*~tactically~*~*~ (outnumbered).
 27054 | Orc:2    | 27054 ||| Stepping ~*~*~tactically~*~*~ (outnumbered).
 27055 | Orc:2    | 27055 ||| Stepping ~*~*~tactically~*~*~ (outnumbered).
 27056 | Orc:2    | 27056 ||| Stepping ~*~*~tactically~*~*~ (outnumbered).
 27057 | Orc:2    | 27057 ||| Stepping ~*~*~tactically~*~*~ (outnumbered).
 27058 | Orc:2    | 27058 ||| Stepping ~*~*~tactically~*~*~ (outnumbered).
 27059 | Orc:2    | 27059 ||| Stepping ~*~*~tactically~*~*~ (outnumbered).
 27060 | Orc:2    | 27060 ||| Stepping ~*~*~tactically~*~*~ (outnumbered).
 27061 | Orc:2    | 27061 ||| Stepping ~*~*~tactically~*~*~ (outnumbered).
 27106 | Orc:2    | 27106 ||| Stepping ~*~*~tactically~*~*~ (stealth).
 27110 | Orc:2    | 27110 ||| INVOKING Heroism.
 27133 | Orc:2    | 27133 ||| Stepping ~*~*~tactically~*~*~ (outnumbered).
 27143 | Orc:2    | HP: 27/139 [orc warrior/+0 long sword (12)]
 27144 | Orc:2    | 27144 ||| READING 6 scrolls of teleportation.
 27145 | Orc:2    | 27145 ||| DRINKING 2 potions of heal wounds.
 27578 | Orc:2    | 27578 ||| Stepping ~*~*~tactically~*~*~ (hiding).
 27579 | Orc:2    | 27579 ||| INVOKING Heroism.
 27580 | Orc:2    | 27580 ||| Stepping ~*~*~tactically~*~*~ (hiding).
 27581 | Orc:2    | 27581 ||| Stepping ~*~*~tactically~*~*~ (hiding).
 27583 | Orc:2    | 27583 ||| Stepping ~*~*~tactically~*~*~ (outnumbered).
 27584 | Orc:2    | 27584 ||| Stepping ~*~*~tactically~*~*~ (outnumbered).
 27585 | Orc:2    | 27585 ||| Stepping ~*~*~tactically~*~*~ (outnumbered).
 27586 | Orc:2    | 27586 ||| Stepping ~*~*~tactically~*~*~ (outnumbered).
 27587 | Orc:2    | 27587 ||| Stepping ~*~*~tactically~*~*~ (outnumbered).
 27588 | Orc:2    | 27588 ||| Stepping ~*~*~tactically~*~*~ (outnumbered).
 27589 | Orc:2    | 27589 ||| Stepping ~*~*~tactically~*~*~ (hiding).
 27596 | Orc:2    | 27596 ||| Stepping ~*~*~tactically~*~*~ (outnumbered).
 27609 | Orc:2    | 27609 ||| Stepping ~*~*~tactically~*~*~ (hiding).
 27611 | Orc:2    | 27611 ||| Stepping ~*~*~tactically~*~*~ (hiding).
 27618 | Orc:2    | 27618 ||| INVOKING Finesse.
 27621 | Orc:2    | 27621 ||| Stepping ~*~*~tactically~*~*~ (outnumbered).
 27622 | Orc:2    | 27622 ||| Stepping ~*~*~tactically~*~*~ (hiding).
 27648 | Orc:2    | 27648 ||| INVOKING Heroism.
 27894 | Orc:2    | 27894 ||| Stepping ~*~*~tactically~*~*~ (hiding).
 27895 | Orc:2    | 27895 ||| Stepping ~*~*~tactically~*~*~ (hiding).
 28100 | Orc:2    | 28100 ||| PLANNING SNAKE:1-3
 28100 | Orc:2    | 28100 ||| UPGRADING to +4 ring of protection.
 28102 | Orc:2    | 28102 ||| DROPPING +6 ring of strength.
 28251 | Snake:1  | Entered Level 1 of the Snake Pit
 28289 | Snake:1  | Noticed Aizul
 28290 | Snake:1  | 28290 ||| INVOKING Heroism.
 28291 | Snake:1  | 28291 ||| INVOKING Finesse.
 28296 | Snake:1  | Killed Aizul
 28386 | Snake:1  | Reached skill level 9 in Shields
 28466 | Snake:1  | Received a gift from Okawaru
 28468 | Snake:1  | 28468 ||| INVOKING Heroism.
 28968 | Snake:1  | 28968 ||| Stepping ~*~*~tactically~*~*~ (hiding).
 28969 | Snake:1  | 28969 ||| Stepping ~*~*~tactically~*~*~ (hiding).
 29134 | Snake:1  | 29134 ||| INVOKING Heroism.
 29339 | Snake:1  | 29339 ||| Stepping ~*~*~tactically~*~*~ (stealth).
 29380 | Snake:1  | 29380 ||| Stepping ~*~*~tactically~*~*~ (hiding).
 29381 | Snake:1  | 29381 ||| Stepping ~*~*~tactically~*~*~ (hiding).
 29384 | Snake:1  | 29384 ||| Stepping ~*~*~tactically~*~*~ (hiding).
 29385 | Snake:1  | 29385 ||| Stepping ~*~*~tactically~*~*~ (hiding).
 29386 | Snake:1  | 29386 ||| Stepping ~*~*~tactically~*~*~ (hiding).
 29393 | Snake:1  | 29393 ||| Stepping ~*~*~tactically~*~*~ (outnumbered).
 29405 | Snake:1  | 29405 ||| INVOKING Heroism.
 29411 | Snake:1  | HP: 27/139 [shock serpent (9)]
 29412 | Snake:1  | 29412 ||| READING 5 scrolls of teleportation.
 29413 | Snake:1  | 29413 ||| DRINKING potion of heal wounds.
 29416 | Snake:1  | HP: 34/139 [naga/+0 trident (4)]
 29465 | Snake:1  | 29465 ||| INVOKING Heroism.
 29776 | Snake:1  | 29776 ||| INVOKING Heroism.
 29846 | Snake:1  | Found Diurr's Weapon Boutique.
 30053 | Snake:2  | Reached skill level 21 in Unarmed Combat
 30064 | Snake:2  | 30064 ||| Stepping ~*~*~tactically~*~*~ (hiding).
 30072 | Snake:2  | 30072 ||| INVOKING Heroism.
 30144 | Snake:2  | 30144 ||| Stepping ~*~*~tactically~*~*~ (hiding).
 30159 | Snake:2  | 30159 ||| INVOKING Heroism.
 30162 | Snake:2  | Found Pescheomp's Armour Shop.
 30171 | Snake:2  | HP: 24/139 [salamander/+0 glaive (14)]
 30172 | Snake:2  | 30172 ||| READING 4 scrolls of teleportation.
 30176 | Snake:2  | 30176 ||| READING 3 scrolls of teleportation.
 30176 | Snake:2  | HP: 11/139 [naga sharpshooter/bolt (13)]
 30247 | Snake:2  | 30247 ||| READING 2 scrolls of teleportation.
 30248 | Snake:2  | 30248 ||| INVOKING Heroism.
 30250 | Snake:2  | 30250 ||| FLEEEEING.
 30251 | Snake:2  | 30251 ||| FLEEEEING.
 30252 | Snake:2  | 30252 ||| FLEEEEING.
 30253 | Snake:2  | 30253 ||| FLEEEEING.
 30270 | Snake:2  | 30270 ||| FLEEEEING.
 30271 | Snake:2  | 30271 ||| FLEEEEING.
 30272 | Snake:2  | 30272 ||| FLEEEEING.
 30300 | Snake:2  | 30300 ||| INVOKING Heroism.
 30600 | Snake:2  | Found Fuphyn's Antique Weapon Emporium.
 30700 | Snake:2  | Received a gift from Okawaru
 30744 | Snake:2  | Found a radiant altar of Vehumet.
 30746 | Snake:2  | 30746 ||| INVOKING Heroism.
 30852 | Snake:2  | Found Ecoxas's Distillery.
 30861 | Snake:2  | 30861 ||| BUYING potion of curing (45 gold).
 30861 | Snake:2  | Bought a potion of curing for 45 gold pieces
 30861 | Snake:2  | 30861 ||| BUYING potion of curing (45 gold).
 30861 | Snake:2  | Bought a potion of curing for 45 gold pieces
 30861 | Snake:2  | 30861 ||| BUYING potion of heal wounds (75 gold).
 30861 | Snake:2  | Bought a potion of heal wounds for 75 gold pieces
 30874 | Snake:2  | Found Omeduc's Assorted Antiques.
 30887 | Snake:2  | 30887 ||| INVOKING Heroism.
 31032 | Snake:2  | 31032 ||| BUYING scroll of teleportation (117 gold).
 31032 | Snake:2  | Bought a scroll of teleportation for 117 gold pieces
 31073 | Snake:2  | 31073 ||| Stepping ~*~*~tactically~*~*~ (hiding).
 31082 | Snake:2  | 31082 ||| INVOKING Heroism.
 31087 | Snake:2  | 31087 ||| Stepping ~*~*~tactically~*~*~ (hiding).
 31089 | Snake:2  | 31089 ||| Stepping ~*~*~tactically~*~*~ (outnumbered).
 31101 | Snake:2  | Identified the +0 ring mail "Rycwoot" {+Blink} (Okawaru
                  | gifted it to you on level 2 of the Snake Pit)
 31101 | Snake:2  | Received a gift from Okawaru
 31120 | Snake:2  | Found Icwikhlau's Assorted Antiques.
 31124 | Snake:2  | 31124 ||| Stepping ~*~*~tactically~*~*~ (hiding).
 31138 | Snake:2  | 31138 ||| Stepping ~*~*~tactically~*~*~ (hiding).
 31139 | Snake:2  | 31139 ||| Stepping ~*~*~tactically~*~*~ (hiding).
 31248 | Snake:2  | 31248 ||| BUYING potion of heal wounds (130 gold).
 31248 | Snake:2  | Bought a potion of heal wounds for 130 gold pieces
 31367 | Snake:2  | 31367 ||| FLEEEEING.
 31368 | Snake:2  | 31368 ||| FLEEEEING.
 31369 | Snake:2  | 31369 ||| FLEEEEING.
 31383 | Snake:2  | 31383 ||| FLEEEEING.
 31403 | Snake:2  | 31403 ||| Stepping ~*~*~tactically~*~*~ (hiding).
 31407 | Snake:2  | 31407 ||| INVOKING Heroism.
 31522 | Snake:2  | 31522 ||| Stepping ~*~*~tactically~*~*~ (hiding).
 31668 | Snake:2  | 31668 ||| BUYING +0 plate armour of cold resistance (600
                  | gold).
 31668 | Snake:2  | Bought a +0 plate armour of cold resistance for 600 gold
                  | pieces
 31668 | Snake:2  | 31668 ||| BUYING +1 plate armour of positive energy (640
                  | gold).
 31668 | Snake:2  | Bought a +1 plate armour of positive energy for 640 gold
                  | pieces
 31682 | Snake:2  | 31682 ||| DROPPING +2 scale mail of fire resistance.
 31683 | Snake:2  | 31683 ||| UPGRADING to +0 plate armour of cold resistance.
 31693 | Snake:2  | 31693 ||| DROPPING +0 plate armour.
 31694 | Snake:2  | 31694 ||| DROPPING amulet of faith.
 31861 | Snake:3  | 31861 ||| Stepping ~*~*~tactically~*~*~ (hiding).
 31863 | Snake:3  | 31863 ||| Stepping ~*~*~tactically~*~*~ (hiding).
 31979 | Snake:3  | 31979 ||| Stepping ~*~*~tactically~*~*~ (stealth).
 32174 | Snake:3  | 32174 ||| Stepping ~*~*~tactically~*~*~ (stealth).
 32265 | Snake:3  | 32265 ||| Stepping ~*~*~tactically~*~*~ (hiding).
 32266 | Snake:3  | 32266 ||| Stepping ~*~*~tactically~*~*~ (hiding).
 32316 | Snake:3  | Noticed a nagaraja
 32317 | Snake:3  | 32317 ||| INVOKING Heroism.
 32321 | Snake:3  | Killed a nagaraja
 32322 | Snake:3  | Reached XP level 17. HP: 137/149 MP: 20/23
 32400 | Snake:3  | 32400 ||| INVOKING Heroism.
 32401 | Snake:3  | 32401 ||| Stepping ~*~*~tactically~*~*~ (outnumbered).
 32402 | Snake:3  | 32402 ||| Stepping ~*~*~tactically~*~*~ (hiding).
 32409 | Snake:3  | 32409 ||| Stepping ~*~*~tactically~*~*~ (outnumbered).
 32600 | Snake:3  | 32600 ||| Stepping ~*~*~tactically~*~*~ (hiding).
 32610 | Snake:3  | 32610 ||| Stepping ~*~*~tactically~*~*~ (outnumbered).
 32614 | Snake:3  | 32614 ||| INVOKING Heroism.
 32615 | Snake:3  | 32615 ||| Stepping ~*~*~tactically~*~*~ (outnumbered).
 32618 | Snake:3  | 32618 ||| Stepping ~*~*~tactically~*~*~ (hiding).
 32626 | Snake:3  | 32626 ||| Stepping ~*~*~tactically~*~*~ (hiding).
 32782 | Snake:3  | 32782 ||| Stepping ~*~*~tactically~*~*~ (hiding).
 32784 | Snake:3  | 32784 ||| Stepping ~*~*~tactically~*~*~ (hiding).
 32980 | Snake:3  | 32980 ||| Stepping ~*~*~tactically~*~*~ (hiding).
 32981 | Snake:3  | 32981 ||| Stepping ~*~*~tactically~*~*~ (hiding).
 33143 | Snake:3  | 33143 ||| INVOKING Heroism.
 33231 | Snake:2  | 33231 ||| READING 2 scrolls of teleportation.
 33429 | Snake:2  | 33429 ||| READING scroll of teleportation.
 33430 | Snake:2  | 33430 ||| PLANNING SHOALS:1-3
 33547 | Shoals:1 | Entered Level 1 of the Shoals
 33610 | Shoals:1 | 33610 ||| Stepping ~*~*~tactically~*~*~ (hiding).
 33623 | Shoals:1 | 33623 ||| Stepping ~*~*~tactically~*~*~ (hiding).
 33626 | Shoals:1 | 33626 ||| Stepping ~*~*~tactically~*~*~ (hiding).
 33627 | Shoals:1 | 33627 ||| Stepping ~*~*~tactically~*~*~ (hiding).
 33674 | Shoals:1 | 33674 ||| Stepping ~*~*~tactically~*~*~ (hiding).
 33706 | Shoals:1 | 33706 ||| Stepping ~*~*~tactically~*~*~ (stealth).
 33755 | Shoals:1 | 33755 ||| INVOKING Heroism.
 33767 | Shoals:1 | Reached skill level 22 in Unarmed Combat
 33912 | Shoals:1 | 33912 ||| INVOKING Heroism.
 33915 | Shoals:1 | 33915 ||| Stepping ~*~*~tactically~*~*~ (water).
 34092 | Shoals:1 | Noticed a kraken
 34100 | Shoals:1 | 34100 ||| INVOKING Heroism.
 34113 | Shoals:1 | Killed a kraken
 34167 | Shoals:1 | 34167 ||| INVOKING Heroism.
 34175 | Shoals:1 | Found Voaff's Weapon Shop.
 34574 | Shoals:1 | 34574 ||| INVOKING Heroism.
 34718 | Shoals:2 | 34718 ||| INVOKING Heroism.
 34950 | Shoals:2 | 34950 ||| Stepping ~*~*~tactically~*~*~ (hiding).
 35095 | Shoals:2 | Found a transporter.
 35100 | Shoals:2 | 35100 ||| INVOKING Heroism.
 35272 | Shoals:2 | 35272 ||| Stepping ~*~*~tactically~*~*~ (hiding).
 35316 | Shoals:2 | Found a transporter.
 35333 | Shoals:2 | 35333 ||| Stepping ~*~*~tactically~*~*~ (outnumbered).
 35334 | Shoals:2 | 35334 ||| INVOKING Heroism.
 35349 | Shoals:2 | Received a gift from Okawaru
 35382 | Shoals:2 | Noticed a kraken
 35383 | Shoals:2 | 35383 ||| INVOKING Heroism.
 35391 | Shoals:2 | 35391 ||| Stepping ~*~*~tactically~*~*~ (outnumbered).
 35392 | Shoals:2 | 35392 ||| Stepping ~*~*~tactically~*~*~ (outnumbered).
 35393 | Shoals:2 | 35393 ||| Stepping ~*~*~tactically~*~*~ (outnumbered).
 35511 | Shoals:2 | 35511 ||| Stepping ~*~*~tactically~*~*~ (stealth).
 35513 | Shoals:2 | 35513 ||| Stepping ~*~*~tactically~*~*~ (stealth).
 35523 | Shoals:2 | 35523 ||| Stepping ~*~*~tactically~*~*~ (stealth).
 35524 | Shoals:2 | 35524 ||| Stepping ~*~*~tactically~*~*~ (hiding).
 35749 | Shoals:2 | Found Roc Lole's Weapon Emporium.
 35750 | Shoals:2 | 35750 ||| INVOKING Heroism.
 35751 | Shoals:2 | 35751 ||| INVOKING Finesse.
 35752 | Shoals:2 | 35752 ||| Stepping ~*~*~tactically~*~*~ (water).
 35760 | Shoals:2 | 35760 ||| Stepping ~*~*~tactically~*~*~ (water).
 35773 | Shoals:2 | 35773 ||| Stepping ~*~*~tactically~*~*~ (hiding).
 35802 | Shoals:2 | Killed a kraken
 35882 | Shoals:2 | 35882 ||| INVOKING Heroism.
 36281 | Shoals:3 | 36281 ||| Stepping ~*~*~tactically~*~*~ (hiding).
 36283 | Shoals:3 | 36283 ||| INVOKING Heroism.
 36284 | Shoals:3 | 36284 ||| INVOKING Finesse.
 36286 | Shoals:3 | 36286 ||| Stepping ~*~*~tactically~*~*~ (outnumbered).
 36288 | Shoals:3 | 36288 ||| Stepping ~*~*~tactically~*~*~ (outnumbered).
 36290 | Shoals:3 | 36290 ||| Stepping ~*~*~tactically~*~*~ (outnumbered).
 36524 | Shoals:3 | 36524 ||| Stepping ~*~*~tactically~*~*~ (hiding).
 36559 | Shoals:3 | 36559 ||| Stepping ~*~*~tactically~*~*~ (hiding).
 36562 | Shoals:3 | 36562 ||| Stepping ~*~*~tactically~*~*~ (hiding).
 36563 | Shoals:3 | 36563 ||| INVOKING Heroism.
 36615 | Shoals:3 | 36615 ||| INVOKING Heroism.
 36622 | Shoals:3 | 36622 ||| Stepping ~*~*~tactically~*~*~ (water).
 36623 | Shoals:3 | 36623 ||| Stepping ~*~*~tactically~*~*~ (water).
 36624 | Shoals:3 | 36624 ||| Stepping ~*~*~tactically~*~*~ (water).
 36625 | Shoals:3 | 36625 ||| Stepping ~*~*~tactically~*~*~ (water).
 36634 | Shoals:3 | 36634 ||| Stepping ~*~*~tactically~*~*~ (water).
 36635 | Shoals:3 | 36635 ||| Stepping ~*~*~tactically~*~*~ (water).
 36824 | Shoals:3 | 36824 ||| INVOKING Heroism.
 37162 | Shoals:3 | 37162 ||| INVOKING Heroism.
 37163 | Shoals:3 | 37163 ||| INVOKING Finesse.
 37166 | Shoals:3 | 37166 ||| Stepping ~*~*~tactically~*~*~ (water).
 37238 | Shoals:3 | 37238 ||| INVOKING Heroism.
 37326 | Shoals:3 | 37326 ||| INVOKING Heroism.
 37361 | Shoals:3 | Noticed a titan
 37406 | Shoals:3 | 37406 ||| INVOKING Heroism.
 37419 | Shoals:3 | Killed a titan
 37419 | Shoals:3 | Received a gift from Okawaru
 37619 | Shoals:3 | Identified the ring "Usinn" {rN+ rCorr Slay+3}
 37742 | Shoals:3 | Found Reclet's Jewellery Shop.
 37747 | Shoals:3 | 37747 ||| INVOKING Heroism.
 37752 | Shoals:3 | 37752 ||| Stepping ~*~*~tactically~*~*~ (water).
 37761 | Shoals:3 | 37761 ||| BUYING ring of see invisible (300 gold).
 37761 | Shoals:3 | Bought a ring of see invisible for 300 gold pieces
 37826 | Shoals:3 | Noticed Polyphemus
 37827 | Shoals:3 | 37827 ||| INVOKING Heroism.
 37828 | Shoals:3 | 37828 ||| INVOKING Finesse.
 37832 | Shoals:3 | Reached skill level 12 in Shields
 37846 | Shoals:3 | Killed Polyphemus
 37846 | Shoals:3 | Received a gift from Okawaru
 38035 | Shoals:3 | 38035 ||| PLANNING SNAKE:4
 38035 | Shoals:3 | 38035 ||| UPGRADING to ring "Usinn" {rN+ rCorr Slay+3}.
 38234 | Snake:4  | Entered Level 4 of the Snake Pit
 38250 | Snake:4  | 38250 ||| INVOKING Heroism.
 38272 | Snake:4  | Reached XP level 18. HP: 153/161 MP: 24/24
 38390 | Snake:4  | 38390 ||| INVOKING Heroism.
 38402 | Snake:4  | 38402 ||| Stepping ~*~*~tactically~*~*~ (outnumbered).
 38404 | Snake:4  | 38404 ||| Stepping ~*~*~tactically~*~*~ (outnumbered).
 38405 | Snake:4  | 38405 ||| Stepping ~*~*~tactically~*~*~ (outnumbered).
 38406 | Snake:4  | 38406 ||| Stepping ~*~*~tactically~*~*~ (outnumbered).
 38432 | Snake:4  | Reached skill level 15 in Fighting
 38616 | Snake:4  | 38616 ||| INVOKING Heroism.
 38694 | Snake:4  | 38694 ||| Stepping ~*~*~tactically~*~*~ (hiding).
 38700 | Snake:4  | 38700 ||| INVOKING Heroism.
 38716 | Snake:4  | Received a gift from Okawaru
 38761 | Snake:4  | 38761 ||| Stepping ~*~*~tactically~*~*~ (hiding).
 38767 | Snake:4  | 38767 ||| INVOKING Heroism.
 38773 | Snake:4  | 38773 ||| Stepping ~*~*~tactically~*~*~ (hiding).
 38798 | Snake:4  | 38798 ||| Stepping ~*~*~tactically~*~*~ (hiding).
 38801 | Snake:4  | 38801 ||| Stepping ~*~*~tactically~*~*~ (hiding).
 38802 | Snake:4  | 38802 ||| Stepping ~*~*~tactically~*~*~ (hiding).
 39031 | Snake:4  | 39031 ||| INVOKING Heroism.
 39033 | Snake:4  | 39033 ||| Stepping ~*~*~tactically~*~*~ (hiding).
 39050 | Snake:4  | 39050 ||| Stepping ~*~*~tactically~*~*~ (stealth).
 39052 | Snake:4  | 39052 ||| Stepping ~*~*~tactically~*~*~ (hiding).
 39137 | Snake:4  | 39137 ||| Stepping ~*~*~tactically~*~*~ (hiding).
 39141 | Snake:4  | 39141 ||| INVOKING Heroism.
 39191 | Snake:4  | 39191 ||| Stepping ~*~*~tactically~*~*~ (hiding).
 39198 | Snake:4  | 39198 ||| INVOKING Heroism.
 39202 | Snake:4  | Received a gift from Okawaru
 39227 | Snake:4  | 39227 ||| INVOKING Heroism.
 39249 | Snake:4  | Reached skill level 9 in Throwing
 39306 | Snake:4  | 39306 ||| FLEEEEING.
 39500 | Snake:4  | 39500 ||| Stepping ~*~*~tactically~*~*~ (hiding).
 39501 | Snake:4  | 39501 ||| Stepping ~*~*~tactically~*~*~ (hiding).
 39504 | Snake:4  | 39504 ||| INVOKING Heroism.
 39508 | Snake:4  | Received a gift from Okawaru
 39528 | Snake:4  | Got a serpentine rune of Zot
 39586 | Snake:4  | 39586 ||| INVOKING Heroism.
 39613 | Snake:4  | 39613 ||| Stepping ~*~*~tactically~*~*~ (hiding).
 39657 | Snake:4  | 39657 ||| Stepping ~*~*~tactically~*~*~ (hiding).
 39658 | Snake:4  | 39658 ||| INVOKING Heroism.
 39690 | Snake:4  | HP: 36/163 [naga warrior/+0 flail (31)]
 39690 | Snake:4  | HP: 4/163 [naga warrior/+0 dire flail (32)]
 39691 | Snake:4  | 39691 ||| DRINKING 3 potions of heal wounds.
 39692 | Snake:4  | 39692 ||| DRINKING 2 potions of heal wounds.
 39693 | Snake:4  | 39693 ||| DRINKING potion of heal wounds.
 39694 | Snake:4  | 39694 ||| INVOKING Heroism.
 39695 | Snake:4  | Received a gift from Okawaru
 39696 | Snake:4  | 39696 ||| Stepping ~*~*~tactically~*~*~ (outnumbered).
 39713 | Snake:4  | HP: 28/166 [guardian serpent (15)]
 39726 | Snake:4  | HP: 16/166 [guardian serpent (9)]
 39727 | Snake:4  | HP: 3/166 [naga warrior/+2 flail of holy wrath (13)]
 39727 | Snake:4  | Slain by a naga warrior

Levels and vault maps discovered:
D:1:      wander_arrival_desolate, layout_loops_ring,
          dreamdust_ecumenical_altar_statues
D:2:      layout_basic, serial_rivers, chequers_serial_rivers_large_b,
          chequers_serial_rivers_micro_d, chequers_serial_rivers_micro_e,
          chequers_serial_rivers_room_a, chequers_serial_rivers_marsh
D:3:      layout_rooms, gammafunk_ghost_icy, small_statue_intersection
D:4:      layout_gridville, nicolae_sif_muna_condensation,
          lightli_temple_of_fire, mainiacjoe_overflow_boulevard,
          gup_sewer_entry_pipe, uniq_robin, uniq_ijyb, uniq_blork_the_orc
D:5:      layout_loops_ring
D:6:      layout_basic, kennysheep_crisscross, uniq_eustachio, uniq_edmund,
          uniq_menkaure, uniq_pikel
D:7:      layout_loops_corners, minmay_temple_entry_hall
D:8:      layout_loops_ring, uniq_joseph, uniq_erica, uniq_prince_ribbit1
D:9:      layout_stronghold, mainiacjoe_overflow_catwalk,
          nzn_wu_jian_council_hall, dpeg_lair_monsters, orc_0_dummy,
          gammafunk_ghost_abyssal_escape
D:10:     layout_loops_ring, dancing_weapons_uskayaw, tgw_xom, serial_shops,
          shop, uniq_grum, uniq_maggie
D:11:     layout_loops_ring
D:12:     layout_irregular_city, nicolae_shop_firing_range
D:13:     layout_layer_cave, serial_shops,
          nicolae_shop_temple_entry_statues_fountains, fungi_pond_lemuel,
          okawaru_metal_pillars_3, uniq_lodul
D:14:     layout_roguey, david_vaults_1, serial_shops, nicolae_shop_stone, shop,
          uniq_azrael
D:15:     grunt_enter_depths_magical_seal, layout_stronghold,
          nicolae_tso_carved_into_rock, gammafunk_ghost_stat_death,
          serial_shops, shop, nzn_life_drinkers
Temple:   hellmonk_temple_two_chambers
Lair:1:   layout_cellular_growth, serial_bayou_shore_a,
          infiniplex_staircase_pool_2
Lair:2:   layout_cave_shapes, minmay_shoals_entry_beasts,
          minmay_snake_entry_six_corridors, lemuel_centaur_altar,
          grunt_megastairs_4, lemuel_fruit_tree
Lair:3:   layout_gridlike
Lair:4:   layout_misc_corridors, slime_entry_1, st_stairs_11, grunt_megastairs_3
Lair:5:   hangedman_lair_tendril_chambers, layout_regular_city,
          chequers_serial_rivers_micro_e
Shoals:1: layout_shoals, serial_shops, shop
Shoals:2: gammafunk_sealed_arena, layout_shoals, serial_shops,
          nicolae_shop_bloodbath_and_beyond
Shoals:3: cheibrodos_shoals_gigantism, layout_shoals, serial_shops, shop,
          uniq_polyphemus
Snake:1:  layout_onion, nicolae_integral_box, minmay_shop_star,
          serial_bayou_shore_b, uniq_aizul
Snake:2:  layout_grid_maze, serial_shops, nicolae_shop_trees,
          nicolae_shop_stone, nicolae_lakefront_shop, shop_fountains, shop,
          basic_altar, nicolae_elevator_lobby_plus
Snake:3:  layout_gridlike, nicolae_triple_integral
Snake:4:  grunt_snake_rune_spirals, layout_onion_interference
Orc:1:    layout_caves, serial_shops, nicolae_lakefront_shop
Orc:2:    pf_orc_diabolical, layout_diamond_mine, basic_altar,
          portal_ice_cave_entry_imps

Skill      XL: |  1  2  3  4  5  6  7  8  9 10 11 12 13 14 15 16 17 18 |
---------------+-------------------------------------------------------+-----
Unarmed Combat | 1 2 3 4 6 7 8 10 11 13 15 16 18 20 21 22 | 22.0
Fighting       | 1 2 3 4 5 7 8 9 10 11 12 13 14 15 | 15.8
Throwing       | 1 2 3 4 5 6 7 8 9 |  9.0
Armour         | 2 4 5 6 8 9 10 11 | 11.0
Invocations    | 4 6 10 | 10.0
Dodging        | 3 4 |  4.0
Shields        | 7 11 12 | 12.0
Short Blades   | |  0.8
Stealth        | |  3.2
Spellcasting   | |  1.7
Hexes          | |  2.4

Action                   |  1- 3 |  4- 6 |  7- 9 | 10-12 | 13-15 | 16-18 || total
-------------------------+-------+-------+-------+-------+-------+-------++-------
Melee: Unarmed           |   121 |   207 |   229 |   466 |   958 |  1282 ||  3263
       Punch             |     1 |     7 |     9 |    41 |   100 |       ||   158
Throw: Javelin           |    21 |    13 |    19 |    63 |   135 |    49 ||   300
       Boomerang         |       |       |    24 |    45 |    31 |    12 ||   112
Invok: Heroism           |       |       |       |    29 |    47 |    56 ||   132
       Finesse           |       |       |       |     2 |    11 |     6 ||    19
  Use: Scroll            |    10 |     5 |     6 |     6 |    11 |     7 ||    45
       Potion            |     2 |     2 |     3 |     2 |     3 |     5 ||    17
 Stab: Sleeping          |       |     1 |       |       |       |       ||     1
       Distracted        |       |       |       |       |     1 |       ||     1
Armor: Robe              |    20 |       |       |       |       |       ||    20
       Ring mail         |    15 |    54 |       |       |       |       ||    69
       Leather armour    |       |     9 |    40 |       |       |       ||    49
       Plate armour      |       |       |    22 |   248 |   460 |   438 ||  1168
Dodge: Dodged            |    64 |    81 |    66 |   125 |   262 |   240 ||   838
Block: Other             |       |     2 |    30 |    98 |   123 |       ||   253
       Reflection        |       |       |     1 |     9 |    17 |    90 ||   117
       Kite shield       |       |       |       |       |   134 |   859 ||   993
       Buckler           |       |       |       |       |    27 |       ||    27

Table legend:
 A = Non-vault XP
 B = Vault XP
 C = Vault XP percentage of total XP
 D = Non-vault monster count
 E = Vault monster count
 F = Vault count percentage of total count
                 A         B        C        D         E       F
            +---------+---------+-------+---------+---------+-------
      Total |  198345 |   88229 |  30.8 |     704 |     239 |  25.3
            +---------+---------+-------+---------+---------+-------
        D:1 |      42 |       0 |   0.0 |      20 |       0 |   0.0
        D:2 |      28 |       0 |   0.0 |      17 |       0 |   0.0
        D:3 |      19 |       0 |   0.0 |       4 |       0 |   0.0
        D:4 |      54 |     175 |  76.4 |      10 |      20 |  66.7
        D:5 |     477 |       0 |   0.0 |      11 |       0 |   0.0
        D:6 |    1527 |    1147 |  42.9 |      21 |       4 |  16.0
        D:7 |    1430 |       0 |   0.0 |      24 |       0 |   0.0
        D:8 |     721 |    1535 |  68.0 |      19 |       3 |  13.6
        D:9 |    1325 |    2520 |  65.5 |      22 |      11 |  33.3
       D:10 |    2907 |    1108 |  27.6 |      32 |       8 |  20.0
       D:11 |    1486 |       0 |   0.0 |      16 |       0 |   0.0
       D:12 |    6004 |       6 |   0.1 |      18 |       3 |  14.3
       D:13 |    6694 |    2469 |  26.9 |      22 |       9 |  29.0
       D:14 |   11901 |    2851 |  19.3 |      24 |       7 |  22.6
       D:15 |    2500 |    5147 |  67.3 |       7 |      10 |  58.8
     Lair:1 |    5815 |       0 |   0.0 |      18 |       0 |   0.0
     Lair:2 |    1750 |    3787 |  68.4 |       7 |      16 |  69.6
     Lair:3 |    6162 |       0 |   0.0 |      21 |       0 |   0.0
     Lair:4 |   12426 |    6269 |  33.5 |      46 |      11 |  19.3
     Lair:5 |   11349 |    8829 |  43.8 |      41 |      30 |  42.3
   Shoals:1 |   10888 |       0 |   0.0 |      24 |       0 |   0.0
   Shoals:2 |   18333 |       0 |   0.0 |      33 |       0 |   0.0
   Shoals:3 |   12236 |    8236 |  40.2 |      25 |       8 |  24.2
    Snake:1 |   17112 |    1228 |   6.7 |      32 |       1 |   3.0
    Snake:2 |   22575 |       0 |   0.0 |      49 |       0 |   0.0
    Snake:3 |   19126 |       0 |   0.0 |      37 |       0 |   0.0
    Snake:4 |   15872 |   27894 |  63.7 |      29 |      36 |  55.4
      Orc:1 |    3066 |       0 |   0.0 |      36 |       0 |   0.0
      Orc:2 |    4520 |   15028 |  76.9 |      39 |      62 |  61.4
            +---------+---------+-------+---------+---------+-------
